 Dungeon Crawl Stone Soup version 0.30-a0-1085-g990a428a5c (webtiles) character file.

Game seed: 5801898811232764320

3442333 Zeldest the Swamp Dragon (level 27, 300/300 HPs)
             Began as a Green Draconian Ice Elementalist on Apr 17, 2023.
             Was the Champion of Vehumet.
             Escaped with the Orb
             ... and 5 runes!
             The game lasted 05:15:48 (74665 turns).

Zeldest the Swamp Dragon (DrIE)                    Turns: 74665, Time: 05:15:49

Health: 300/300    AC: 17    Str: 11    XL:     27
Magic:  54/54      EV: 23    Int: 46    God:    Vehumet [******]
Gold:   10244      SH: 35    Dex: 15    Spells: 18/80 levels left

rFire   + + .      SeeInvis +    a - staff of fire "Hosiv" {rF+ rC+ Int+2}
rCold   + + .      Faith    .    V - +18 shield of the Gong {Loud rN+ Will+ rCorr EV-5}
rNeg    + . .      Spirit   .    (body armour unavailable)
rPois   +          Reflect  .    u - +1 hat of Bawiur {Drain Regen+ rCorr Int+2}
rElec   +          Rampage  +    v - scarf of Isokh {repulsion, rF+ Dex+3}
rCorr   +                        y - +1 pair of gloves of Boredom {Rampage +Inv}
Will    ++++.                    C - +0 pair of boots of Pan-Flutes {rC+ Regen+}
Stlth   +                        X - amulet of Vitality {RegenMP++ Regen++}
HPRegen 3.90/turn                l - ring "Qemmycwa" {Will+ EV+5 Int+7 Stlth-}
MPRegen 1.14/turn                O - ring of Vamoad {Ice rElec Int+8 Dex-2 SInv}

@: studying 8 skills, repel missiles
A: breathe noxious fumes, AC +13, unfitting armour, stinger 1, poison
resistance, cold-blooded, fire resistance 1, robust 1, cold vulnerability 1
0: Orb of Zot
}: 5/15 runes: decaying, slimy, silver, golden, gossamer
a: Breathe Noxious Fumes, Renounce Religion, Evoke Invisibility


You escaped.
You worshipped Vehumet.
Vehumet was exalted by your worship.
You visited 13 branches of the dungeon, and saw 59 of its levels.
You visited the Abyss 1 time.
You completed 2 ziggurats, and saw 54 of their levels.
You also visited: Trove, Ossuary, Bailey, Gauntlet, Ice Cave, Wizlab and Desolation.

You collected 12696 gold pieces.
You spent 2452 gold pieces at shops.

Inventory:

Hand Weapons
 b - the +11 Singing Sword {sonic wave}
   (You found it on level 27 of a ziggurat)
 w - the +6 Majin-Bo {spellvamp, MP+6 Int+6}
   (You found it on level 3 of the Crypt)

   Int:       It affects your intelligence (+6).
   MP:        It affects your magic capacity (+6).
 A - the +7 Spriggan's Knife {stab, EV+4 Stlth+}
   (You found it on level 3 of the Tomb of the Ancients)

   Stab:      It is more effective when stabbing unaware enemies, sometimes
   treating them as though they were completely helpless.
   EV:        It affects your evasion (+4).
   Stlth:     It makes you more stealthy.
Missiles
 e - 3 throwing nets
 f - 30 silver javelins
Armour
 n - the +2 pair of slick slippers {slick, slippery, EV+4}
   (You found it on level 5 of the Vaults)

   Slick:     Its wearer cannot be constricted, engulfed, netted or webbed.
   Slippery:  Its wearer slips away from damaging melee attacks, pulling the
   attacker onward.
   EV:        It affects your evasion (+4).
 u - the +1 hat of Bawiur (worn) {Drain Regen+ rCorr Int+2}
   (You acquired it on level 14 of the Dungeon)

   Int:       It affects your intelligence (+2).
   Regen:     It increases your rate of health regeneration.
   rCorr:     It protects you from acid and corrosion.
   Drain:     It drains your maximum health when unequipped.
 v - the scarf of Isokh (worn) {repulsion, rF+ Dex+3}
   (You acquired it on level 11 of the Dungeon)

   Dex:       It affects your dexterity (+3).
   rF:        It protects you from fire.
 y - the +1 pair of gloves of Boredom (worn) {Rampage +Inv}
   (You acquired it on level 20 of a ziggurat)

   +Inv:      It lets you turn invisible.
   Rampage:   It bestows one free step when moving towards enemies.
 C - the +0 pair of boots of Pan-Flutes (worn) {rC+ Regen+}
   (You acquired it on level 22 of a ziggurat)

   rC:        It protects you from cold.
   Regen:     It increases your rate of health regeneration.
 V - the +18 shield of the Gong (worn) {Loud rN+ Will+ rCorr EV-5}
   (You found it on level 13 of the Dungeon)

   Loud:      It is deafeningly noisy when blocking attacks.
   EV:        It affects your evasion (-5).
   rN:        It protects you from negative energy.
   rCorr:     It protects you from acid and corrosion.
   Will:      It increases your willpower.
Magical Staves
 a - the staff of fire "Hosiv" (weapon) {rF+ rC+ Int+2}
   (You found it on level 14 of the Dungeon)

   [staff of fire]

   Base accuracy: +5 Base damage: 5 Base attack delay: 1.2 This weapon's minimum
   attack delay (0.6) is reached at skill level 12.
   Int:       It affects your intelligence (+2).
   rF:        It protects you from fire.
   rC:        It protects you from cold.
   It falls into the 'Staves' category.
   It is a one-handed weapon.
 o - the staff of cold "Lozusuot" {+Blink rC+}
   (You found it on level 19 of a ziggurat)

   [staff of cold]

   Base accuracy: +5 Base damage: 5 Base attack delay: 1.2 This weapon's minimum
   attack delay (0.6) is reached at skill level 12.
   rC:        It protects you from cold.
   +Blink:    It lets you blink.
   It falls into the 'Staves' category.
   It is a one-handed weapon.
Jewellery
 l - the ring "Qemmycwa" (left hand) {Will+ EV+5 Int+7 Stlth-}
   (You found it on level 1 of the Vaults)

   [ring of evasion]

   EV:        It affects your evasion (+5).
   Int:       It affects your intelligence (+7).
   Will:      It increases your willpower.
   Stlth:     It makes you less stealthy.
 O - the ring of Vamoad (right hand) {Ice rElec Int+8 Dex-2 SInv}
   (You took it off a boggart on level 1 of the Depths)

   [ring of ice]

   It enhances your ice magic.
   Int:       It affects your intelligence (+8).
   Dex:       It affects your dexterity (-2).
   rF:        It makes you vulnerable to fire.
   rC:        It protects you from cold.
   rElec:     It insulates you from electricity.
   SInv:      It lets you see invisible.
 X - the amulet of Vitality (around neck) {RegenMP++ Regen++}
   (You took it off a yaktaur captain on level 14 of the Dungeon)

   [amulet of magic regeneration]

   It increases your rate of magic regeneration.
   Regen:     It increases your rate of health regeneration.
Wands
 r - a wand of acid (95)
 I - a wand of roots (157)
 J - a wand of digging (94)
Scrolls
 c - 2 scrolls of fear
 g - 18 scrolls of amnesia
 i - 10 scrolls of butterflies
 m - 61 scrolls of teleportation
 p - 36 scrolls of fog
 s - 5 scrolls of poison
 x - 21 scrolls of blinking
 B - 9 scrolls of enchant armour
 E - 9 scrolls of magic mapping
 H - 15 scrolls of silence
 S - 4 scrolls of torment
Potions
 d - 16 potions of haste
 h - 10 potions of ambrosia
 j - 7 potions of resistance
 k - 7 potions of invisibility
 q - 27 potions of curing
 t - 36 potions of mutation
 z - 4 potions of flight
 F - 14 potions of attraction
 G - 18 potions of brilliance
 K - a potion of berserk rage
 L - 5 potions of magic
 N - 14 potions of heal wounds
 P - 9 potions of might
 R - 12 potions of lignification
 T - 8 potions of cancellation
Miscellaneous
 D - 2 +2 figurines of a ziggurat
 M - a condenser vane
 Q - a box of beasts
 U - a phial of floods


   Skills:
 O Level 27 Fighting
 - Level 16.0 Long Blades
 - Level 14.0 Staves
 - Level 20.0 Dodging
 - Level 1.8 Stealth
 + Level 25.1 Shields
 O Level 27 Spellcasting
 - Level 22.3 Conjurations
 - Level 12.0 Summonings
 - Level 14.0 Necromancy
 - Level 18.3 Transmutations
 - Level 20.0 Fire Magic
 - Level 22.7 Ice Magic
 - Level 15.9 Air Magic
 - Level 21.5 Earth Magic
 O Level 27 Poison Magic
 - Level 17.3 Evocations


You had 18 spell levels left.
You knew the following spells:

 Your Spells              Type           Power      Damage    Failure   Level
b - Fire Storm            Conj/Fire      78%        8d20      1%          9
c - Statue Form           Tmut/Erth      85%        N/A       0%          6
d - Spellforged Servitor  Conj/Summ      60%        N/A       1%          7
e - Ignition              Fire           76%        3d20      1%          8
f - Iron Shot             Conj/Erth      66%        9d12      0%          6
g - Polar Vortex          Ice            79%        N/A       1%          9
h - Shatter               Erth           65%        3d48*     1%          9
i - Necromutation         Tmut/Necr      59%        N/A       1%          8

Your spell library contained the following spells:

 Spells                   Type           Power      Damage    Failure   Level
 Beastly Appendage        Tmut           100%       N/A       0%          1
 Foxfire                  Conj/Fire      100%       2x1d9     0%          1
 Freeze                   Ice            100%       1d10      0%          1
 Kiss of Death            Conj/Necr      100%       2d13      0%          1
 Magic Dart               Conj           100%       1d8       0%          1
 Necrotise                Necr           100%       1d9       0%          1
 Sandblast                Erth           100%       2d20      0%          1
 Shock                    Conj/Air       100%       1d9       0%          1
 Sting                    Tmut/Pois      100%       1d8       0%          1
 Summon Small Mammal      Summ           100%       N/A       0%          1
 Call Imp                 Summ           100%       N/A       0%          2
 Cigotuvi's Dreadful Rot  Necr/Pois/Air  100%       N/A       0%          2
 Ensorcelled Hibernation  Hex/Ice        100%       N/A       0%          2
 Momentum Strike          Conj/Tloc      100%       3d10      0%          2
 Passwall                 Tmut/Erth      100%       N/A       0%          2
 Poisonous Vapours        Pois/Air       100%       N/A       0%          2
 Scorch                   Fire           100%       2d9       0%          2
 Searing Ray              Conj           100%       2d8       0%          2
 Static Discharge         Conj/Air       100%       2-7/arc   0%          2
 Sublimation of Blood     Necr           100%       N/A       0%          2
 Wereblood                Tmut           100%       N/A       0%          2
 Call Canine Familiar     Summ           100%       N/A       0%          3
 Dazzling Flash           Conj/Hex       100%       N/A       0%          3
 Frozen Ramparts          Ice            100%       1d16      0%          3
 Hailstorm                Conj/Ice       100%       3d20      0%          3
 Ignite Poison            Fire/Tmut/Pois 100%       N/A       0%          3
 Inner Flame              Hex/Fire       100%       N/A       0%          3
 Mephitic Cloud           Conj/Pois/Air  100%       N/A       0%          3
 Ozocubu's Armour         Ice            100%       N/A       0%          3
 Spider Form              Tmut/Pois      100%       N/A       0%          3
 Stone Arrow              Conj/Erth      100%       3d13      0%          3
 Swiftness                Air            100%       N/A       0%          3
 Vampiric Draining        Necr           100%       2d13      0%          3
 Volatile Blastmotes      Fire/Tloc      100%       2d18      0%          3
 Airstrike                Air            59%        2d(9-25)  0%          4
 Animate Dead             Necr           100%       N/A       0%          4
 Dispel Undead            Necr           100%       3d31      0%          4
 Flame Wave               Conj/Fire      100%       2d21      0%          4
 Fulminant Prism          Conj/Hex       52%        3d22      0%          4
 Ice Form                 Ice/Tmut       100%       N/A       0%          4
 Iskenderun's Mystic Bla  Conj/Tloc      100%       2d19      0%          4
 Olgreb's Toxic Radiance  Pois           100%       N/A       0%          4
 Petrify                  Tmut/Erth      100%       N/A       0%          4
 Sticky Flame             Conj/Fire      100%       2d11      0%          4
 Summon Ice Beast         Ice/Summ       100%       N/A       0%          4
 Summon Lightning Spire   Summ/Air       100%       N/A       0%          4
 Alistair's Intoxication  Tmut/Pois      89%        N/A       0%          5
 Arcjolt                  Conj/Air       63%        1d73      0%          5
 Blade Hands              Tmut           62%        N/A       0%          5
 Borgnjor's Vile Clutch   Necr/Erth      61%        N/A       0%          5
 Fireball                 Conj/Fire      78%        3d29      0%          5
 Freezing Cloud           Conj/Ice/Air   77%        6-21      0%          5
 Irradiate                Conj/Tmut      64%        3d33      0%          5
 Iskenderun's Battlesphe  Conj           100%       2d15      0%          5
 Lee's Rapid Deconstruct  Erth           65%        3d30*     0%          5
 Conjure Ball Lightning   Conj/Air       63%        3x3d23    0%          6
 Eringya's Noxious Bog    Tmut/Pois      67%        N/A       0%          6
 Plasma Beam              Fire/Air       74%        2x1d99    0%          6
 Starburst                Conj/Fire      78%        6d20      0%          6
 Orb of Destruction       Conj           66%        9d16      0%          7
 Ozocubu's Refrigeration  Ice            79%        4d25      0%          7
 Apportation              Tloc           100%       N/A       1%          1
 Slow                     Hex            100%       N/A       1%          1
 Blink                    Tloc           100%       N/A       1%          2
 Lesser Beckoning         Tloc           100%       N/A       1%          2
 Confusing Touch          Hex            58%        N/A       1%          3
 Gell's Gravitas          Tloc           58%        N/A       1%          3
 Portal Projectile        Hex/Tloc       100%       N/A       1%          3
 Summon Guardian Golem    Hex/Summ       87%        N/A       1%          3
 Teleport Other           Tloc           58%        N/A       1%          3
 Tukima's Dance           Hex            58%        N/A       1%          3
 Vhi's Electric Charge    Tloc/Air       100%       N/A       1%          3
 Anguish                  Hex/Necr       45%        N/A       1%          4
 Leda's Liquefaction      Hex/Erth       51%        N/A       1%          4
 Agony                    Necr           100%       N/A       1%          5
 Metabolic Englaciation   Hex/Ice        64%        N/A       1%          5
 Silence                  Hex/Air        47%        N/A       1%          5
 Summon Forest            Summ/Tloc      43%        N/A       1%          5
 Summon Mana Viper        Hex/Summ       87%        N/A       1%          5
 Yara's Violent Unravell  Hex/Tmut       49%        3d19      1%          5
 Death Channel            Necr           56%        N/A       1%          6
 Simulacrum               Ice/Necr       74%        N/A       1%          6
 Summon Cactus Giant      Summ           53%        N/A       1%          6
 Dragon Form              Tmut           62%        N/A       1%          7
 Haunt                    Necr/Summ      55%        N/A       1%          7
 Monstrous Menagerie      Summ           53%        N/A       1%          7
 Storm Form               Tmut/Air       60%        N/A       1%          7
 Summon Hydra             Summ           53%        N/A       1%          7
 Lehudib's Crystal Spear  Conj/Erth      66%        10d15     1%          8
 Maxwell's Capacitive Co  Air            59%        ∞         1%          8
 Cause Fear               Hex            29%        N/A       2%          4
 Manifold Assault         Tloc           58%        N/A       2%          4
 Passage of Golubria      Tloc           58%        N/A       2%          4
 Chain Lightning          Conj/Air       63%        3d84      2%          9
 Borgnjor's Revivificati  Necr           56%        N/A       4%          8
 Infestation              Necr           56%        N/A       4%          8
 Summon Horrible Things   Summ           53%        N/A       11%         8
 Malign Gateway           Summ/Tloc      43%        N/A       16%         7
 Dispersal                Tloc           29%        N/A       32%         6
 Death's Door             Necr           56%        N/A       56%         9
 Dragon's Call            Summ           53%        N/A       85%         9
 Enfeeble                 Hex            29%        N/A       88%         7
 Discord                  Hex            29%        N/A       100%        8
 Disjunction              Tloc           29%        N/A       100%        8
 Animate Armour           Summ/Erth      Unusable   N/A       N/A         4

Dungeon Overview and Level Annotations

Branches:
Dungeon (15/15)            Temple (1/1) D:4            Lair (5/5) D:11
  Swamp (4/4) Lair:2       Spider (4/4) Lair:3        Slime (5/5) Lair:5
    Orc (2/2) D:12            Elf (3/3) Orc:2        Vaults (5/5) D:14
  Crypt (3/3) Vaults:3       Tomb (3/3) Crypt:3      Depths (4/4) D:15
    Zot (5/5) Depths:4    Ossuary (visited)          Bailey (visited)
  IceCv (visited)          WizLab (visited)         Desolation (visited)
Gauntlet (visited)

Altars:
Cheibriados
Dithmenos
Fedhas
Gozag
Hepliaklqana
Kikubaaqudgha
Makhleb
Nemelex Xobeh
Qazlal
Ru
Sif Muna
Trog
Uskayaw
Vehumet
Wu Jian
Xom
Yredelemnul
Jiyva

Shops:
D:6 ?   Orc:2 *[:??   Elf:3 =   Vaults:3 [   Vaults:4 *   Vaults:5 !?
Depths:1 **   Depths:3 *

Portals:
Hell: Depths:1 Depths:2 Depths:3 Depths:4
Abyss: Depths:3
Pandemonium: Depths:2

Annotations:
D:14 1 runed translucent door
Lair:1 2 transporters
Lair:2 2 transporters, BubbleThief's ghost, journeyman NaCA
Spider:1 2 transporters, fortdeath9's ghost, journeyman DsBe
Spider:4 1 runed translucent door, Gadrel's ghost, adept MiWn
Elf:2 3 runed translucent doors


Innate Abilities, Weirdness & Mutations

You can breathe blasts of noxious fumes.
Your lurid green scales are hard. (AC +13)
You cannot fit into any form of body armour.
Your tail ends in a venomous barb.
Your system is resistant to poisons. (rPois)
You are cold-blooded and may be slowed by cold attacks.
Your flesh is heat resistant. (rF+)
You are robust. (+10% HP)
You are vulnerable to cold. (rC-)


Message History

Okay, then.
Casting: Polar Vortex (mildly dangerous; 1% risk of failure)
Press: ? - help, Q - select action, (/) - cycle Dir - look around, f - activate You feel a surge of power!
A great freezing vortex appears and lifts you up.
Casting: Polar Vortex (mildly dangerous; 1% risk of failure)
Confirm with . or Enter, or press ? or * to list all spells.
The dungeon rumbles!
The demonspawn blood saint is almost dead.
The balrug is moderately wounded.
The demonspawn corrupter is heavily wounded.
A door shatters!
Ka-crash!
You kill the demonspawn blood saint!
Vehumet accepts your kill. The balrug gestures at you.
The bolt of fire hits you. You resist.
Casting: Shatter (mildly dangerous; 1% risk of failure)
Confirm with . or Enter, or press ? or * to list all spells.
The dungeon rumbles!
You kill the demonspawn corrupter!
Vehumet accepts your kill.
You feel your power returning.
You kill the balrug!
Vehumet accepts your kill.
You feel your power returning.
Ka-crash!
The winds around you start to calm down.
You float gracefully downwards.
You are engulfed in whirling frost.
The winds around you calm down.
Magic restored.
You open the large door.
There is a large open door here.
You see here 7 stones.
You enter the shallow water.
Moving in this stuff is going to be slow.
There is a staircase leading out of the dungeon here.
You swing at nothing.
You have escaped!

##.##########.# #.#
######...##......#.#
##.####
............###++#####
#.#....
#.###....#.8.......~~##
##.#### #.#
#.#.###.~~~~~~..~~# ###
..# #.#.# #~~~...~~..~#
### #.#.# #~~..~..~~.~#
#####.#.# #~..~~~.~~.~#
......#.# #~.~~.@.~~.~#
#######.# #~.~~.~~~..~#
#.# #~.~~..~..~~# #.#
#~..~~...~~~# ##### #.#
#~~..~~~~~~.##
....###.####~~.(.....8.#
#..........#####''###..#
..#.##...##.##....####.#
###.#.....#.##.........#


There were no monsters in sight!

Vanquished Creatures
  the Royal Jelly (Slime:5)
  13 ancient liches
  2 orbs of fire (Zot:5)
  10 dread liches
  18 juggernauts
  Vv (Zot:1)
  55 royal mummies
  A shard shrike (Zig:21)
  5 Killer Klowns
  4 pandemonium lords
  Saint Roka (Vaults:5)
  2 curse toes
  14 caustic shrikes
  41 golden dragons
  Nikola (Swamp:3)
  4 profane servitors
  Jory (Vaults:2)
  6 Tzitzimimeh
  9 bone dragons
  10 electric golems
  A pearl dragon (Zig:7)
  4 Brimstone Fiends
  The ghost of bakla the Phalangite, an adept HOFi of Okawaru (Elf:3)
  6 hellephants
  14 iron giants
  23 tentacled monstrosities
  2 Hell Sentinels
  15 Ice Fiends
  12 Orb Guardians
  A shard shrike skeleton (Crypt:2)
  Asterion (Spider:2)
  10 liches
  8 death cobs
  5 deep elf blademasters
  53 titans
  10 Executioners
  7 deep elf master archers
  46 acid blobs
  8 quicksilver dragons
  16 sphinxes
  15 tentacled starspawn
  8 shadow dragons
  2 thorn hunters
  An eldritch tentacle (WizLab)
  7 tengu reavers
  19 ancient champions
  28 storm dragons
  10 draconian monks
  3 daevas
  24 azure jellies
  8 revenants
  A fenstrider witch (Swamp:1)
  39 nagarajas
  25 rockslimes
  22 fire giants
  11 narguns
  2 demonspawn warmongers
  10 draconian knights
  27 emperor scorpions
  9 deep elf sorcerers
  3 juggernaut zombies
  5 iron dragons
  16 frost giants
  2 curse skulls
  49 ghost moths
  Louise (Swamp:4)
  25 orc warlords
  2 draconian annihilators
  11 draconian scorchers
  6 deep elf elementalists
  3 caustic shrike zombies
  8 balrugs
  4 angels
  4 draconian stormcallers
  14 quicksilver oozes
  5 ghouls
  A caustic shrike skeleton (Zig:20)
  20 vault wardens
  12 draconian shifters
  20 ironbound preservers
  A shard shrike simulacrum (Crypt:3)
  A reaper (Crypt:2)
  23 very ugly things
  2 juggernaut skeletons
  2 ophanim
  7 cacodemons
  2 broodmothers (shapeshifter)
  18 broodmothers
  3 demonspawn blood saints
  2 spriggan defenders (Depths:4)
  46 stone giants
  2 quicksilver oozes (shapeshifter)
  3 ironbound thunderhulks
  8 demonspawn corrupters
  7 war gargoyles
  14 black draconians
  9 green draconians
  6 deep elf demonologists
  3 apis (Zig:7)
  22 bennus
  5 lorocyprocas
  4 bunyips
  5 deep elf annihilators
  14 red draconians
  9 demonspawn black suns
  35 spark wasps
  2 halazid warlocks (Desolation)
  7 vampire knights
  13 white draconians
  14 dire elephants
  10 purple draconians
  8 wendigos
  A minotaur (Gauntlet)
  Azrael (Orc:2)
  7 eleionomae
  18 yellow draconians
  2 iron golems (Zig:14)
  An acid blob zombie (Crypt:1)
  3 blizzard demons
  15 ettins
  The ghost of LobsterGuardian the Thaumaturge, a journeyman DrAE of Sif Muna (Lair:5)
  4 crystal guardians
  15 green deaths
  7 eidola
  4 merfolk impalers
  A quicksilver dragon zombie (Crypt:1)
  6 fire dragons
  54 mummy priests
  9 deep elf death magi
  67 entropy weavers
  10 deep elf high priests
  13 merfolk javelineers
  27 yaktaur captains
  25 great orbs of eyes
  A shambling mangrove (Zig:26)
  3 spriggan zombies
  A hydra (shapeshifter) (Elf:3)
  10 jiangshi
  3 servants of whispers (Desolation)
  4 peacekeepers
  A juggernaut simulacrum (Abyss:1)
  33 salamander tyrants
  34 vault guards
  7 ragged hierophants (Desolation)
  9 jorogumos
  9 ice dragons
  16 spriggan air magi
  44 hydras
  2 quicksilver dragon skeletons
  Harold (Lair:1)
  8 rakshasas
  7 catoblepae
  5 ghost crabs
  2 spriggan skeletons
  7 death knights
  17 boulder beetles
  7 two-headed ogres
  8 anacondas
  A radroach (shapeshifter) (Elf:3)
  7 hell beasts
  2 ogre magi
  3 alligator snapping turtles (Zig:16)
  6 satyrs (Zig:18)
  14 radroaches
  15 centaur warriors
  An anaconda (shapeshifter) (Zig:6)
  16 dancing weapons
  5 ironbound frosthearts
  6 merfolk aquamancers (Zig:16)
  10 alligators
  3 merfolk avatars
  13 deep troll earth magi
  11 vampire magi
  71 death scarabs
  A two-headed ogre (shapeshifter) (Zig:24)
  14 deep troll shamans
  3 spriggan berserkers
  7 naga warriors
  A titan zombie (Zig:20)
  15 thrashing horrors
  8 tengu warriors
  11 death yaks
  19 orc high priests
  3 storm dragon zombies
  6 soul eaters
  22 shock serpents
  7 sun demons
  20 naga sharpshooters
  14 wretched stars
  14 deep elf knights
  11 hell knights
  16 spriggans
  3 salamander mystics
  8 shadow wraiths
  6 skysharks
  5 titan skeletons
  Sonja (Lair:1)
  28 skeletal warriors
  5 sixfirhies
  A fire crab (Vaults:3)
  3 storm dragon skeletons
  18 iron trolls
  2 spatial maelstroms (Zig:19)
  An anaconda zombie (Crypt:1)
  16 pharaoh ants
  3 shadow demons
  A sun moth (Zig:21)
  A goliath frog (shapeshifter) (Elf:3)
  11 glowing orange brains
  9 death drakes
  6 goliath frogs
  8 spriggan druids
  7 flayed ghosts
  3 golden dragon zombies
  3 sea snakes (Zig:16)
  58 deep trolls
  2 orange crystal statues
  2 quicksilver dragon simulacra
  11 lindwurms
  12 swamp dragons
  A bunyip skeleton (Tomb:1)
  3 shadow dragon zombies
  3 naga ritualists (Zig:25)
  30 orb spiders
  2 obsidian statues
  9 bog bodies
  A cherub (Zig:7)
  An iron giant skeleton (Tomb:2)
  23 steelbarb worms
  2 tengu zombies (Zig:15)
  17 deep elf archers
  A lindwurm (shapeshifter) (Zig:25)
  13 wizards
  26 starcursed masses
  18 harpies (Zig:16)
  40 wolf spiders
  11 phantasmal warriors
  A sphinx zombie (Crypt:1)
  2 tengu skeletons
  20 deep elf pyromancers
  11 necromancers
  An eleionoma zombie (Crypt:3)
  4 mana vipers
  23 ironbound convokers
  36 ugly things
  20 deep elf zephyrmancers
  3 shadow dragon skeletons
  A mana viper (shapeshifter) (Zig:25)
  29 orc knights
  62 moths of wrath
  A manticore (shapeshifter) (Vaults:5)
  4 salamanders
  6 fauns (Zig:18)
  2 oklob plants
  18 orc sorcerers
  14 shining eyes
  2 iron dragon zombies
  16 cyclopes
  2 will-o-the-wisps
  An iron dragon skeleton (Zig:20)
  5 manticores
  2 worldbinders
  17 elephants
  9 naga magi
  A naga zombie (Crypt:1)
  6 eyes of devastation
  5 apocalypse crabs
  A goliath frog skeleton (Crypt:1)
  A moth of wrath (shapeshifter) (Elf:3)
  28 demonic crawlers
  2 dire elephant zombies
  8 ice statues
  5 guardian serpents
  A molten gargoyle (Vaults:3)
  27 black mambas
  3 merfolk sirens (Zig:16)
  A stone giant skeleton (WizLab)
  2 black mambas (shapeshifter)
  12 vault sentinels
  A centaur skeleton (Crypt:1)
  43 torpor snails
  2 eyes of devastation (shapeshifter)
  7 water nymphs (Zig:16)
  14 smoke demons
  A storm dragon simulacrum (Crypt:3)
  20 cane toads
  4 gargoyles
  3 orange demons
  A dire elephant skeleton (Tomb:3)
  An alligator snapping turtle zombie (Tomb:2)
  A naga skeleton (Crypt:3)
  11 hellions
  A shock serpent skeleton (Crypt:2)
  8 rime drakes
  16 komodo dragons
  2 cane toads (shapeshifter)
  35 yaktaurs
  An unseen horror (shapeshifter) (D:13)
  5 unseen horrors
  An elf zombie (Vaults:4)
  4 ice devils
  2 tengu conjurers
  83 guardian mummies
  20 ancient zymes
  An efreet (D:13)
  9 freezing wraiths
  7 tormentors
  2 red devils
  15 trolls
  13 meliai
  15 merfolk (Zig:16)
  23 hornets
  A queen bee (D:15)
  A harpy zombie (Crypt:1)
  A hydra skeleton (Crypt:3)
  3 bloated husks
  4 polar bears
  5 tyrant leeches
  2 shadow dragon simulacra
  4 hellwings
  A harpy skeleton (Tomb:1)
  37 tarantellas
  A blink frog (shapeshifter) (Zig:8)
  An iron dragon simulacrum (Zig:21)
  9 raiju
  30 blink frogs
  35 saltlings (Desolation)
  An ettin zombie (Crypt:2)
  7 dream sheep
  20 large abominations
  2 snapping turtles (Zig:16)
  A dream sheep (shapeshifter) (Elf:3)
  A wind drake (Zig:16)
  A meliai zombie (Crypt:3)
  A guardian serpent zombie (Crypt:2)
  29 jumping spiders
  A black mamba zombie (Crypt:1)
  An ettin skeleton (WizLab)
  54 flying skulls
  A jumping spider (shapeshifter) (Elf:3)
  24 culicivoras
  12 ynoxinuls
  96 slime creatures
  A fire dragon skeleton (Crypt:2)
  4 wyverns
  A wyvern (shapeshifter) (Vaults:5)
  14 air elementals
  A shadow (D:10)
  2 vampires
  9 water elementals
  Sigmund (D:3)
  6 wraiths
  48 yaks
  13 fire elementals
  5 golden eyes
  2 humans
  7 basilisks
  31 ushabtiu
  A death yak simulacrum (IceCv)
  A chaos spawn (Abyss:1)
  71 redbacks
  6 spatial vortices (WizLab)
  A steam dragon (D:7)
  26 vampire mosquitoes
  A minotaur simulacrum (Crypt:2)
  6 neqoxecs
  A redback (shapeshifter) (Elf:1)
  A swamp worm (shapeshifter) (D:14)
  A demonspawn zombie (Crypt:2)
  A glowing shapeshifter zombie (Zig:15)
  3 acid dragons
  2 harpy simulacra
  A faun zombie (Crypt:3)
  3 hydra simulacra
  7 nagas
  17 swamp worms
  20 wargs
  4 nameless horrors
  7 hell hounds
  28 water moccasins
  4 floating eyes
  A two-headed ogre skeleton (Tomb:1)
  Pargi (D:4)
  15 swamp drakes
  A sky beast (D:6)
  2 ice beasts
  A black bear (Lair:5)
  78 orc warriors
  A black mamba simulacrum (Vaults:3)
  A blink frog zombie (Crypt:1)
  A boggart (shapeshifter) (Depths:3)
  19 wolves
  3 boggarts
  17 centaurs
  23 ogres
  A manticore skeleton (Crypt:3)
  2 phantoms (D:3)
  A kobold brigand (D:8)
  A salamander zombie (Crypt:1)
  10 bullfrogs
  A necrophage (Crypt:3)
  8 earth elementals
  A cane toad simulacrum (IceCv)
  A gnoll sergeant (D:8)
  2 scorpions (shapeshifter)
  A scorpion (D:4)
  18 wights
  22 killer bees
  2 elephant simulacra
  2 electric eels
  2 polar bear zombies
  4 howler monkeys
  22 small abominations
  A crimson imp (WizLab)
  3 centaur zombies
  A lava snake (Vaults:3)
  An iron imp (Abyss:1)
  A quasit (Abyss:1)
  A human zombie (Crypt:1)
  15 orc priests
  A bullfrog skeleton (Crypt:3)
  4 gnoll boudas
  4 hounds (D:6)
  3 sleepcaps
  3 human skeletons
  9 iguanas
  25 orc wizards
  7 polar bear simulacra
  2 yak simulacra (D:13)
  3 wolf simulacra (D:13)
  A deep dwarf zombie (Crypt:2)
  160 mummies
  Robin (D:3)
  28 gnolls
  10 adders
  3 naga simulacra (Vaults:3)
  2 shadow imps
  3 white imps
  5 ufetubi
  3 worms
  3 dart slugs
  91 orcs
  5 bats
  A bat skeleton (Crypt:1)
  10 endoplasms
  2 giant cockroaches
  3 gnoll zombies (Ossuary)
  13 goblins
  10 hobgoblins
  6 jackals
  9 kobolds
  6 quokkas
  4 ball pythons
  3 frilled lizards
  A giant cockroach zombie (Crypt:3)
  A goblin zombie (Ossuary)
  2 hobgoblin zombies (Ossuary)
  An orc skeleton (Crypt:2)
  5 rats
  A river rat simulacrum (D:13)
  8 briar patches (Zig:26)
  72 fire vortices
  9 starspawn tentacles
4935 creatures vanquished.

Vanquished Creatures (collateral kills)
  A royal mummy (Tomb:2)
  A titan (Depths:2)
  Gastronok (D:11)
  An acid blob (Slime:5)
  2 deep elf master archers (Elf:3)
  A sphinx (Depths:2)
  A shadow dragon (Depths:2)
  A storm dragon (Depths:2)
  2 azure jellies (Vaults:3)
  3 fire giants (Depths:2)
  6 vault wardens
  A juggernaut skeleton (Vaults:3)
  A stone giant (Depths:2)
  9 ironbound preservers
  2 orc warlords (Vaults:1)
  2 very ugly things
  4 ironbound thunderhulks
  A deep elf demonologist (Elf:3)
  A halazid warlock (Desolation)
  6 deep elf annihilators
  6 dire elephants
  2 spark wasps (Depths:2)
  2 ragged hierophants (Desolation)
  4 great orbs of eyes
  A jiangshi (Vaults:3)
  2 deep elf high priests (Elf:3)
  2 fire dragons (Depths:1)
  5 yaktaur captains
  3 entropy weavers
  4 servants of whispers (Desolation)
  2 ice dragons (Depths:2)
  7 peacekeepers
  2 vault guards
  2 ogre magi (Vaults:3)
  5 dancing weapons
  A vampire mage (Depths:2)
  2 deep troll shamans (Depths:2)
  A tengu warrior (Depths:2)
  A deep troll earth mage (Depths:2)
  2 deep elf knights
  A titan skeleton (Vaults:3)
  3 iron trolls
  30 deep trolls
  A flayed ghost (Depths:2)
  A glowing orange brain (Depths:2)
  A deep troll (shapeshifter) (Vaults:3)
  An orb spider (Zig:21)
  2 deep elf archers
  A bog body (Lair:2)
  A phantasmal warrior (Depths:2)
  3 orc knights
  10 ironbound convokers
  9 lindwurms
  A necromancer (Vaults:3)
  4 deep elf pyromancers
  A deep elf zephyrmancer (Elf:3)
  11 ugly things
  A sphinx skeleton (Vaults:4)
  A moth of wrath (Zig:22)
  A wolf spider (Zig:22)
  An iron dragon skeleton (Vaults:3)
  2 guardian serpents (Desolation)
  A rust devil (Depths:2)
  2 elephants
  5 vault sentinels
  A molten gargoyle (Vaults:3)
  A storm dragon simulacrum (Vaults:3)
  14 yaktaurs
  A tengu conjurer (D:14)
  A hornet (Spider:4)
  33 saltlings (Desolation)
  6 blink frogs
  A sphinx simulacrum (Vaults:3)
  4 air elementals
  6 slime creatures
  2 yaks
  A basilisk (Lair:2)
  A steam dragon (D:9)
  2 redbacks
  3 orc warriors
  An ice beast (D:7)
  A fire dragon simulacrum (Vaults:3)
  A wolf (Lair:1)
  An ogre (D:6)
  A kobold brigand (D:7)
  A human skeleton (Vaults:4)
  A bullfrog (D:6)
  2 gnoll sergeants (D:6)
  2 earth elementals (Elf:2)
  A wight (D:7)
  2 killer bees
  3 small abominations
  An electric eel (D:6)
  A gnoll bouda (D:6)
  A hound (D:6)
  2 orc priests
  An orc wizard (D:7)
  5 mummies (Tomb:3)
  5 gnolls (D:6)
  An ufetubus (D:6)
  An orc (D:8)
  A jackal (D:6)
311 creatures vanquished.

Vanquished Creatures (others)
  A ghost moth (Zig:9)
  A mummy priest (Tomb:2)
  A death scarab (Tomb:2)
  A death drake (Zig:26)
  A goliath frog (Swamp:3)
  A deep elf zephyrmancer (Elf:3)
  A wolf spider (Spider:4)
  A titan simulacrum (Zig:21)
  2 bloated husks
  2 ushabtiu (Tomb:2)
  A warg (Zig:27)
  2 swamp worms (Swamp:1)
  A gnoll (D:6)
  90 fire vortices
  5 foxfires
  21 fungi
  34 plants
  9 starspawn tentacles
  6 withered plants (Desolation)
181 creatures vanquished.

Grand Total: 5427 creatures vanquished

Notes
Turn   | Place    | Note
-------+----------+-------------------------------------------
     0 | D:1      | Zeldest the Draconian Ice Elementalist began the quest for
                  | the Orb.
     0 | D:1      | Reached XP level 1. HP: 14/14 MP: 3/3
   384 | D:1      | Reached XP level 2. HP: 20/20 MP: 5/5
  1109 | D:2      | Reached XP level 3. HP: 26/26 MP: 7/7
  1113 | D:2      | Learned a level 3 spell: Frozen Ramparts
  1117 | D:2      | Learned a level 3 spell: Ozocubu's Armour
  1520 | D:2      | You fall into a shaft and drop 2 floors!
  1521 | D:4      | Found a snail-covered altar of Cheibriados.
  1644 | D:4      | Noticed a scorpion
  1654 | D:3      | Noticed Sigmund
  1666 | D:3      | Noticed Robin
  1674 | D:3      | Reached XP level 4. HP: 19/33 MP: 1/8
  1683 | D:3      | Killed Robin
  1693 | D:3      | Killed Sigmund
  1694 | D:3      | Reached skill level 5 in Ice Magic
  1694 | D:3      | Reached XP level 5. HP: 18/38 MP: 1/11
  1855 | D:3      | Found a radiant altar of Vehumet.
  1900 | D:3      | Became a worshipper of Vehumet
  1998 | D:3      | Noticed a phantom
  2015 | D:3      | Killed a phantom
  2016 | D:3      | Reached skill level 1 in Fighting
  2016 | D:3      | Reached skill level 1 in Summonings
  2016 | D:3      | Reached XP level 6. HP: 24/47 MP: 6/12
  2972 | D:4      | Found a staircase to the Ecumenical Temple.
  3054 | D:4      | Your scales start taking on a lurid green colour.
  3054 | D:4      | Reached XP level 7. HP: 52/56 MP: 9/13
  3054 | D:4      | Gained mutation: Your system is resistant to poisons.
                  | (rPois) [Green Draconian growth]
  3060 | D:4      | Reached * piety under Vehumet
  3060 | D:4      | Offered knowledge of Sandblast by Vehumet.
  3081 | D:4      | Found a shimmering altar of Xom.
  3082 | D:4      | Found a shimmering altar of Xom.
  3082 | D:4      | Found a shimmering altar of Xom.
  3083 | D:4      | Found a shimmering altar of Xom.
  3083 | D:4      | Found a shimmering altar of Xom.
  3083 | D:4      | Found a shimmering altar of Xom.
  3083 | D:4      | Found a shimmering altar of Xom.
  3083 | D:4      | Found a shimmering altar of Xom.
  3083 | D:4      | Found a shimmering altar of Xom.
  3084 | D:4      | Found a shimmering altar of Xom.
  3108 | D:4      | Noticed Pargi
  3113 | D:4      | Killed Pargi
  3192 | D:4      | Found a hazy altar of Hepliaklqana.
  3375 | D:4      | Found an opulent altar of Gozag.
  3651 | Temple   | Entered the Ecumenical Temple
  3668 | D:5      | Entered Level 5 of the Dungeon
  3730 | D:5      | Found a sand-covered staircase.
  3743 | Ossuary  | Entered an ossuary
  3962 | Ossuary  | Offered knowledge of Shock by Vehumet.
  3963 | Ossuary  | Reached XP level 8. HP: 66/66 MP: 14/14
  3968 | Ossuary  | Learned a level 4 spell: Summon Ice Beast
  3972 | Ossuary  | Reached ** piety under Vehumet
  4243 | D:5      | Found the dreamshard necklace {*Dream Drain}
  4261 | D:5      | Found a shadowy altar of Dithmenos.
  4376 | D:5      | Reached skill level 5 in Fighting
  4869 | D:6      | Offered knowledge of Searing Ray by Vehumet.
  4936 | D:6      | Reached skill level 1 in Staves
  4936 | D:6      | Reached skill level 1 in Conjurations
  4965 | D:6      | Reached *** piety under Vehumet
  5091 | D:6      | Reached XP level 9. HP: 74/74 MP: 13/15
  5201 | D:6      | Offered knowledge of Iskenderun's Mystic Blast by Vehumet.
  5952 | D:6      | Found a burning altar of Makhleb.
  5955 | D:6      | Found Rokofuis's Magic Scroll Emporium.
  5962 | D:6      | Bought a scroll of magic mapping for 97 gold pieces
  6206 | D:6      | Reached **** piety under Vehumet
  6292 | D:7      | Found a shimmering blue altar of Sif Muna.
  6320 | D:7      | Offered knowledge of Iskenderun's Battlesphere by Vehumet.
  6321 | D:7      | Reached skill level 5 in Summonings
  6448 | D:7      | Reached skill level 5 in Conjurations
  6554 | D:7      | Reached skill level 5 in Staves
  6898 | D:7      | Noticed a green ugly thing
  6898 | D:7      | Noticed a troll
  7001 | D:7      | Reached skill level 5 in Spellcasting
  7331 | D:7      | Found a bloodstained altar of Trog.
  7570 | D:7      | Found a sparkling altar of Nemelex Xobeh.
  7580 | D:7      | Found a blossoming altar of Fedhas.
  7768 | D:8      | Identified a scroll of acquirement
  7769 | D:8      | Acquired the +7 lajatang of Desperation {freeze, Int+3
                  | Dex+4}
  7897 | D:8      | Reached XP level 10. HP: 68/81 MP: 18/18
  8623 | D:9      | Acquired the ring of Jolupeem {rElec rCorr Dex+2}
  8680 | D:8      | Reached ***** piety under Vehumet
  8824 | D:9      | Offered knowledge of Fireball by Vehumet.
  8895 | D:9      | Learned a level 5 spell: Fireball
  8958 | D:9      | Found a sacrificial altar of Ru.
  8958 | D:9      | Found an ornate altar of the Wu Jian Council.
  8964 | D:9      | Found a stormy altar of Qazlal.
  8993 | D:9      | Reached skill level 1 in Fire Magic
  9666 | D:10     | Entered Level 10 of the Dungeon
  9718 | D:10     | Found a flagged portal.
  9921 | Bailey   | Entered a bailey
 10375 | Bailey   | Reached skill level 5 in Fire Magic
 10527 | Bailey   | Noticed an orc knight
 10527 | Bailey   | Noticed an orc knight
 10579 | Bailey   | Killed an orc knight
 10580 | Bailey   | Reached XP level 11. HP: 50/88 MP: 9/19
 10680 | Bailey   | Killed an orc knight
 10895 | D:10     | Found a portal to a secret trove of treasure.
 11272 | D:10     | Noticed a two-headed ogre
 11276 | D:10     | Killed a two-headed ogre
 12025 | D:11     | Acquired the scarf of Isokh {repulsion, rF+ Dex+3}
 12043 | D:11     | Found a gate leading to a gauntlet.
 12075 | D:11     | Learned a level 5 spell: Freezing Cloud
 12083 | Gauntlet | Entered a Gauntlet
 12083 | Gauntlet | Noticed a soul eater
 12083 | Gauntlet | Found a transporter.
 12083 | Gauntlet | Found a transporter.
 12109 | Gauntlet | Found a transporter.
 12126 | Gauntlet | Found a transporter.
 12126 | Gauntlet | Found a transporter.
 12126 | Gauntlet | Found a transporter.
 12128 | Gauntlet | Found a transporter.
 12128 | Gauntlet | Found a transporter.
 12140 | Gauntlet | Found a transporter.
 12156 | Gauntlet | Found a transporter.
 12159 | Gauntlet | Noticed a seven-headed hydra
 12166 | Gauntlet | Found a transporter.
 12168 | Gauntlet | Found the +0 pair of fencer's gloves {Riposte Dex+3}
 12169 | Gauntlet | Noticed an orange crystal statue
 12180 | Gauntlet | Found a transporter.
 12214 | Gauntlet | Found a transporter.
 12226 | Gauntlet | Found a transporter.
 12290 | Gauntlet | Identified the ring "Ohask" {rElec rF+}
 12325 | Gauntlet | Reached skill level 10 in Staves
 12515 | Gauntlet | Noticed a sixfirhy
 12516 | Gauntlet | Identified the +9 arbalest of Puotask {flame, Str-5 SInv
                  | Stlth+}
 12529 | Gauntlet | Noticed a sixfirhy
 12540 | Gauntlet | Killed an orange crystal statue
 12622 | Gauntlet | Noticed a minotaur
 12652 | Gauntlet | Killed a minotaur
 12791 | Gauntlet | Identified the amulet of Gituth {Reflect Will+ SH+5}
 12910 | D:11     | Noticed Gastronok
 12910 | D:11     | Noticed a cyan ugly thing
 12923 | D:11     | Killed Gastronok
 12927 | D:11     | Killed a cyan ugly thing
 12937 | D:11     | Found a staircase to the Lair.
 12964 | Lair:1   | Entered Level 1 of the Lair of Beasts
 12970 | Lair:1   | Reached XP level 12. HP: 92/94 MP: 16/23
 13088 | Lair:1   | Noticed Harold
 13106 | Lair:1   | Noticed Sonja
 13124 | Lair:1   | Killed Harold
 13138 | Lair:1   | Killed Sonja
 13481 | Lair:1   | Found a transporter.
 13487 | Lair:1   | Found a transporter.
 13487 | Lair:1   | Noticed a boulder beetle
 14376 | Lair:2   | Noticed a six-headed hydra
 14382 | Lair:2   | Killed a six-headed hydra
 14852 | Lair:2   | Found a staircase to the Swamp.
 14869 | Lair:2   | Reached skill level 5 in Dodging
 14893 | Lair:2   | Reached XP level 13. HP: 17/100 MP: 17/26
 15496 | Lair:2   | Found a transporter.
 15501 | Lair:2   | Found a transporter.
 15504 | Lair:2   | Noticed BubbleThief's ghost (journeyman NaCA)
 15871 | Lair:3   | Reached skill level 10 in Spellcasting
 16484 | Lair:3   | Found a hole to the Spider Nest.
 16632 | Lair:3   | Offered knowledge of Iron Shot by Vehumet.
 16649 | Lair:3   | Learned a level 6 spell: Iron Shot
 16989 | Lair:4   | Reached skill level 1 in Earth Magic
 18005 | Lair:5   | Entered Level 5 of the Lair of Beasts
 18234 | Lair:5   | Found a runed translucent door.
 18237 | Lair:5   | Noticed LobsterGuardian's ghost (journeyman DrAE)
 19018 | Lair:5   | Gained mutation: Your tail ends in a venomous barb. [Green
                  | Draconian growth]
 19018 | Lair:5   | Reached XP level 14. HP: 107/107 MP: 28/28
 19406 | Lair:5   | Reached skill level 5 in Earth Magic
 19473 | Lair:5   | Identified the +11 chain mail "Pawkoph" {rF++ rCorr Str-3
                  | Slay+4}
 19901 | Lair:5   | Found a viscous altar of Jiyva.
 19901 | Lair:5   | Found a staircase to the Slime Pits.
 20242 | Lair:5   | Killed LobsterGuardian's ghost
 21091 | D:12     | Reached skill level 1 in Air Magic
 21274 | D:12     | Identified the +9 arbalest of the Extremes {drain, Int+3}
 21457 | D:12     | Found a staircase to the Orcish Mines.
 21482 | D:12     | Found a frozen archway.
 21507 | D:12     | Offered knowledge of Ozocubu's Refrigeration by Vehumet.
 21517 | IceCv    | Entered an ice cave
 21760 | IceCv    | Reached skill level 10 in Conjurations
 23542 | D:13     | Found the +18 shield of the Gong {Loud rN+ Will+ rCorr
                  | EV-5}
 24328 | D:14     | Found a runed translucent door.
 24455 | D:14     | Found a runed translucent door.
 24472 | D:14     | Reached skill level 1 in Shields
 24522 | D:14     | Learned a level 7 spell: Ozocubu's Refrigeration
 24596 | D:14     | Reached XP level 15. HP: 92/116 MP: 6/29
 24943 | D:14     | Identified the +4 robe of the Hanged Man {Int+4}
 25076 | D:14     | Offered knowledge of Irradiate by Vehumet.
 25103 | D:14     | Learned a level 5 spell: Irradiate
 25126 | D:14     | Reached skill level 1 in Transmutations
 25234 | D:14     | Noticed a storm dragon
 25242 | D:14     | Killed a storm dragon
 26301 | D:14     | Found a runed translucent door.
 26866 | D:14     | Identified the staff of fire "Hosiv" {rF+ rC+ Int+2}
 27066 | D:15     | Entered Level 15 of the Dungeon
 27463 | D:15     | Noticed a frost giant
 27493 | D:15     | Reached skill level 5 in Shields
 27642 | D:15     | Killed a frost giant
 28125 | D:15     | Identified the staff of fire "Otilia" {rF+ rC+}
 28962 | D:15     | Found a staircase to the Depths.
 29159 | Orc:1    | Entered Level 1 of the Orcish Mines
 29248 | Orc:1    | Offered knowledge of Conjure Ball Lightning by Vehumet.
 29737 | Orc:2    | Entered Level 2 of the Orcish Mines
 29737 | Orc:2    | Noticed Azrael
 29749 | Orc:2    | Killed Azrael
 29797 | Orc:1    | Reached ****** piety under Vehumet
 30259 | Orc:2    | Offered knowledge of Plasma Beam by Vehumet.
 30280 | Orc:2    | Reached skill level 5 in Air Magic
 30389 | Orc:2    | Found Cap Eri's Magic Scroll Emporium.
 30389 | Orc:2    | Found Daopp's Magic Scroll Shop.
 30395 | Orc:2    | Bought a scroll of blinking for 97 gold pieces
 30419 | Orc:2    | Found Dyanos's Book Shop.
 30442 | Orc:2    | Bought a book of the Earth for 612 gold pieces
 30547 | Orc:2    | Found a staircase to the Elven Halls.
 30736 | Orc:2    | Found Jaown's Assorted Antiques.
 30736 | Orc:2    | Found Syzaz's Armour Shop.
 30832 | Orc:2    | Learned a level 6 spell: Statue Form
 30889 | Orc:2    | Bought a book of the Spheres for 918 gold pieces
 31094 | Swamp:1  | Entered Level 1 of the Swamp
 31133 | Swamp:1  | Reached XP level 16. HP: 113/124 MP: 17/31
 31262 | Lair:2   | Reached skill level 5 in Transmutations
 32105 | Swamp:1  | Reached skill level 10 in Earth Magic
 32451 | Swamp:2  | You are sucked into a shaft and drop 1 floor!
 32484 | Swamp:3  | Offered knowledge of Spellforged Servitor by Vehumet.
 32514 | Swamp:3  | Learned a level 7 spell: Spellforged Servitor
 32544 | Swamp:3  | Noticed Nikola
 32553 | Swamp:3  | Killed Nikola
 33341 | Swamp:4  | Entered Level 4 of the Swamp
 33826 | Swamp:4  | Noticed a thorn hunter
 33834 | Swamp:4  | Killed a thorn hunter
 33859 | Swamp:4  | Reached skill level 10 in Shields
 33901 | Swamp:4  | Noticed Louise
 33917 | Swamp:4  | Killed Louise
 33918 | Swamp:4  | Reached XP level 17. HP: 129/129 MP: 11/32
 33969 | Swamp:4  | Got a decaying rune of Zot
 34039 | Swamp:4  | Acquired the ring of Okawaru, Dancing {rN+ Str+2 Dex+2
                  | SInv}
 34044 | Swamp:4  | Acquired the Thoughts on the Bloody Tempest
 34442 | Spider:1 | Entered Level 1 of the Spider Nest
 34587 | Spider:1 | Offered knowledge of Lehudib's Crystal Spear by Vehumet.
 34587 | Spider:1 | Offered knowledge of Fire Storm by Vehumet.
 34587 | Spider:1 | Offered knowledge of Ignition by Vehumet.
 34892 | Spider:1 | Found a transporter.
 34899 | Spider:1 | Noticed fortdeath9's ghost (journeyman DsBe)
 34900 | Spider:1 | Found a transporter.
 35654 | Spider:2 | Paralysed by a jorogumo for 3 turns
 36800 | Spider:3 | Noticed Asterion
 36904 | Spider:2 | Killed Asterion
 37227 | Spider:3 | Got The Wizard's Wisdom, Part One
 37562 | Spider:4 | Entered Level 4 of the Spider Nest
 37780 | Spider:3 | Gained mutation: You sometimes lose your temper in combat.
                  | [mutagenic glow]
 37816 | Spider:3 | Lost mutation: You sometimes lose your temper in combat.
                  | [potion of mutation]
 37816 | Spider:3 | Gained mutation: Your muscles are strong. (Str +4, Int/Dex
                  | -1) [potion of mutation]
 37816 | Spider:3 | Gained mutation: You are strong-willed. (Will+) [potion of
                  | mutation]
 38118 | Spider:4 | Identified the +8 chain mail of Disguise {rC- rN++ rCorr
                  | Int+2}
 38158 | Spider:4 | Found a runed translucent door.
 38159 | Spider:4 | Noticed Gadrel's ghost (adept MiWn)
 38535 | Spider:4 | Reached skill level 10 in Transmutations
 38736 | Spider:4 | Reached XP level 18. HP: 136/136 MP: 21/33
 39088 | Spider:4 | Reached skill level 10 in Fire Magic
 39242 | Spider:4 | Got a gossamer rune of Zot
 39779 | D:14     | Found a gate to the Vaults.
 39793 | D:14     | Acquired the +1 hat of Bawiur {Drain Regen+ rCorr Int+2}
 39816 | Vaults:1 | Entered Level 1 of the Vaults
 39908 | Vaults:1 | Reached skill level 10 in Summonings
 39996 | Vaults:1 | Found a crumbling gateway.
 40004 | Desolati | Entered the Desolation of Salt
 40097 | Desolati | Identified the amulet of Disaster {RegenMP Rampage *Corrode
                  | rElec SInv}
 40164 | Desolati | Identified the ring of Henip {rPois rF+ Will+ EV+5 Str+3}
 40171 | Desolati | Got Sif Muna's Encyclopedia of the Damned and the Curse
 40175 | Desolati | Learned a level 2 spell: Sublimation of Blood
 40180 | Desolati | Identified the ring of Plog {*Corrode rPois rC+ rN++ Str+3}
 40204 | Desolati | Identified the +6 shortbow "Lyzud" {elec, *Slow Int+2
                  | Stlth+}
 40302 | Desolati | Identified the amulet "Seotsywo" {RegenMP rN+ Str+3}
 40395 | Desolati | Got the Enchiridion on the Spider
 40416 | Desolati | Identified the staff of air "Sucime" {Contam rElec rCorr
                  | Int+6 Dex+2}
 40580 | Desolati | Reached XP level 19. HP: 143/143 MP: 5/34
 40666 | Desolati | Identified the +5 short sword "Ope Jel" {freeze, Dex+3}
 40766 | Desolati | Got the Folio of Chilly Ignition
 41565 | Vaults:1 | Identified the ring "Qemmycwa" {Will+ EV+5 Int+7 Stlth-}
 42115 | Vaults:2 | Noticed Jory
 42134 | Vaults:2 | Killed Jory
 43006 | Vaults:2 | Reached skill level 15 in Shields
 43006 | Vaults:2 | Reached XP level 20. HP: 149/149 MP: 8/36
 43749 | Vaults:3 | Found Zingepel's Armour Emporium.
 43777 | Vaults:3 | Noticed a bone dragon
 43793 | Vaults:3 | Killed a bone dragon
 43860 | Vaults:3 | Identified the +0 plate armour "Ehoen" {rCorr Str+3 SInv}
 43861 | Vaults:3 | Got the Secrets of the Cemetery
 43926 | Vaults:3 | Reached skill level 10 in Ice Magic
 44004 | Vaults:3 | Reached skill level 1 in Necromancy
 44095 | Vaults:3 | Found a staircase to the Crypt.
 44292 | Vaults:3 | Reached skill level 10 in Fighting
 44322 | Vaults:3 | Got the Codex of Embers
 44943 | Vaults:3 | Got the Quarto of the Chill
 45376 | Vaults:4 | Reached XP level 21. HP: 172/172 MP: 26/37
 45436 | Vaults:4 | Learned a level 7 spell: Ozocubu's Refrigeration
 45444 | Vaults:4 | Found Uczuboih's General Store.
 45448 | Vaults:4 | Bought a scroll of blinking for 142 gold pieces
 46790 | Elf:1    | Entered Level 1 of the Elven Halls
 47000 | Elf:1    | Paralysed by an air elemental for 1 turns
 47002 | Elf:1    | Paralysed by an air elemental for 1 turns
 48098 | Elf:2    | Paralysed by an air elemental for 1 turns
 48393 | Elf:2    | Found an ancient bone altar of Kikubaaqudgha.
 48695 | Elf:2    | Found a runed translucent gate.
 48696 | Elf:2    | Found a runed translucent gate.
 48696 | Elf:2    | Found a runed translucent gate.
 48739 | Elf:3    | Entered Level 3 of the Elven Halls
 48749 | Elf:1    | Found an ancient bone altar of Kikubaaqudgha.
 48953 | Elf:3    | Found Lifot's Jewellery Shop.
 49016 | Elf:3    | Found a transporter.
 49017 | Elf:3    | Noticed bakla's ghost (adept HOFi)
 49195 | Elf:3    | Identified the +6 whip "Afunkih" {flame, rPois Int+3 Dex-5}
 49304 | Elf:3    | Paralysed by an air elemental for 1 turns
 49370 | Elf:3    | Identified the ring "Igyed" {rPois Str+2 Dex-3 Slay+4}
 49384 | Elf:3    | Identified the +1 hand axe of Gallantry {flame, rElec rF+
                  | Str-3}
 49457 | Elf:3    | Identified the ring "Etoaqess" {rCorr EV+5 Int+3}
 49466 | Elf:3    | Identified the +3 quarterstaff of the Scorned {freeze,
                  | *Slow rCorr MP-9 Str+8}
 49570 | Elf:3    | Reached XP level 22. HP: 170/179 MP: 31/40
 49745 | Elf:3    | Reached skill level 15 in Ice Magic
 50023 | Elf:3    | Identified the +5 falchion of Theory {flame, +Blink rPois
                  | rCorr Int+2}
 50111 | Elf:3    | Found a transporter.
 50385 | Elf:3    | a fire giant changed into a golden dragon
 50385 | Elf:3    | Noticed a golden dragon (glowing shapeshifter)
 50385 | Elf:3    | a golden dragon changed into a shadow dragon
 50409 | Elf:3    | Killed bakla's ghost
 50412 | Elf:3    | Identified the +2 pair of boots of Difocwot {Will+ Str-4
                  | Slay+5}
 50818 | Vaults:2 | Learned a level 9 spell: Polar Vortex
 50921 | Depths:1 | Entered Level 1 of the Depths
 50930 | Depths:1 | Reached skill level 15 in Spellcasting
 51054 | Depths:1 | Found Duyte's Specific Store.
 51064 | Depths:1 | Found Imot's General Store.
 51071 | Depths:1 | Bought a potion of brilliance for 80 gold pieces
 51071 | Depths:1 | Bought a potion of brilliance for 80 gold pieces
 51071 | Depths:1 | Bought a potion of magic for 160 gold pieces
 51102 | Depths:1 | Found a gateway to Hell.
 51179 | Depths:1 | Gained mutation: Your magical capacity is low. (-10% MP)
                  | [mutagenic glow]
 51217 | Depths:1 | Identified the ring of Vamoad {Ice rElec Int+8 Dex-2 SInv}
 51737 | Depths:2 | Found a one-way gateway to a ziggurat.
 51796 | Depths:2 | Learned a level 8 spell: Ignition
 52128 | D:10     | You paid a toll of +2 shadow dragon scales to enter a
                  | treasure trove
 52129 | Trove    | Entered a treasure trove
 52147 | Trove    | Identified the amulet "Qoclaurghaco" {RegenMP rCorr Int+2}
 52153 | Trove    | Identified the ring "Rugg" {rC+ Will+ rCorr Dex+4}
 52156 | Trove    | Identified the amulet "Maomadgho" {Spirit rF+ Str+2 Int+4}
 52170 | Trove    | Identified the ring of Ekkit {rPois rF+ rCorr Stlth+}
 52172 | Trove    | Identified the ring "Odemew" {rF+ rN+++}
 52471 | Depths:2 | Identified the ring of Kindness {Ice Str+2}
 52604 | Depths:2 | Found a one-way gate leading to the halls of Pandemonium.
 53179 | Depths:2 | Noticed a juggernaut
 53189 | Depths:2 | Killed a juggernaut
 53263 | Depths:2 | Noticed a juggernaut
 53270 | Depths:2 | Killed a juggernaut
 53489 | Zig:1    | Entered Level 1 of a ziggurat
 53530 | Zig:2    | Entered Level 2 of a ziggurat
 53533 | Zig:2    | Noticed a Killer Klown
 53537 | Zig:2    | Killed a Killer Klown
 53538 | Zig:2    | Reached XP level 23. HP: 185/185 MP: 29/38
 53552 | Zig:3    | Entered Level 3 of a ziggurat
 53582 | Zig:4    | Entered Level 4 of a ziggurat
 53609 | Zig:4    | Got the Annotations on the Wild Swarm
 53654 | Zig:5    | Entered Level 5 of a ziggurat
 53705 | Zig:5    | Identified the +2 sling of the Grinning Rat {heavy, rN+
                  | MP+9}
 53728 | Zig:6    | Entered Level 6 of a ziggurat
 53763 | Zig:7    | Entered Level 7 of a ziggurat
 53769 | Zig:7    | Found the +3 salamander hide armour {Flames, rFlCloud rF++
                  | rC--}
 53794 | Zig:7    | Identified the +9 lajatang of Genket {freeze, Int+7}
 53795 | Zig:7    | Identified the +3 falchion of Mayhem {distort, Dex+3}
 53798 | Zig:7    | Identified the staff of cold "Guim" {rElec rPois rC+ Str-2
                  | Stlth+}
 53818 | Zig:8    | Entered Level 8 of a ziggurat
 53851 | Zig:8    | Identified the +5 hand axe "Movimmatatt" {flame, Fragile
                  | rF+ Str+2 Dex+3}
 53856 | Zig:8    | Identified the +1 chain mail "Teugh" {-Tele rF+ Int+3}
 53861 | Zig:9    | Entered Level 9 of a ziggurat
 53890 | Zig:9    | Got Sif Muna's Octavo of Crystallized Company
 53900 | Zig:10   | Entered Level 10 of a ziggurat
 53907 | Zig:10   | Noticed an ancient lich
 53913 | Zig:10   | Killed an ancient lich
 53936 | Zig:10   | Identified the +1 pair of gloves of Qeazoh {rC+ Str+4}
 53968 | Zig:11   | Entered Level 11 of a ziggurat
 53976 | Zig:11   | Noticed a royal mummy
 53978 | Zig:11   | Noticed a royal mummy
 53979 | Zig:11   | Killed a royal mummy
 53979 | Zig:11   | Noticed a royal mummy
 53982 | Zig:11   | Killed a royal mummy
 53983 | Zig:11   | Killed a royal mummy
 54025 | Zig:11   | Reached XP level 24. HP: 198/198 MP: 38/38
 54030 | Zig:11   | Identified the +10 great sword of Iddecwal {freeze, +Blink
                  | rN+ Str-2 Int+2}
 54049 | Zig:12   | Entered Level 12 of a ziggurat
 54060 | Zig:12   | Found the +5 Storm Queen's Shield {shock, Fly rElec}
 54073 | Zig:12   | Reached XP level 25. HP: 207/207 MP: 23/38
 54127 | Zig:13   | Entered Level 13 of a ziggurat
 54147 | Zig:13   | Identified the ring "Saidiegg" {rC+ Int+4}
 54154 | Zig:13   | Identified the +5 glaive of Koqig {drain, Str+3}
 54160 | Zig:13   | Identified the +8 tower shield of Gehenna {Regen+ Int+3}
 54194 | Zig:13   | Identified the +2 robe of Efaof {Slay+2}
 54202 | Zig:14   | Entered Level 14 of a ziggurat
 54208 | Zig:14   | Noticed Newaoptan the pandemonium lord
 54211 | Zig:14   | Killed Newaoptan the pandemonium lord
 54219 | Zig:14   | Reached XP level 26. HP: 129/215 MP: 38/38
 54296 | Zig:14   | Identified the staff of cold "Daruobro" {rC+ Int+4 SInv}
 54297 | Zig:14   | Identified the +11 mace of Saixaygerph {pain, rPois rC+}
 54324 | Zig:14   | Identified the +8 short sword "Plog" {heavy, Dex+4}
 54349 | Zig:15   | Entered Level 15 of a ziggurat
 54358 | Zig:15   | Noticed a royal mummy
 54360 | Zig:15   | Noticed a royal mummy
 54361 | Zig:15   | Noticed a royal mummy
 54363 | Zig:15   | Noticed a royal mummy
 54363 | Zig:15   | Killed a royal mummy
 54364 | Zig:15   | Killed a royal mummy
 54365 | Zig:15   | Killed a royal mummy
 54366 | Zig:15   | Killed a royal mummy
 54407 | Zig:15   | Reached XP level 27. HP: 223/223 MP: 38/38
 54412 | Zig:15   | Identified the +4 falchion "Spiderbane" {antimagic, *Noise
                  | rN++}
 54413 | Zig:15   | Identified the staff of poison "Homp" {rPois Will+ Int+6}
 54437 | Zig:15   | Identified the +3 chain mail of Surprise {rC++ MP-9 Str+2
                  | Dex+3}
 54442 | Zig:15   | Identified the +4 dagger "Wigoopt" {flame, Int+5 Dex+2}
 54449 | Zig:16   | Entered Level 16 of a ziggurat
 54474 | Zig:16   | Identified the staff of fire "Plog" {rPois rF+ Will++}
 54479 | Zig:16   | Identified the +4 war axe "Mili Wuu" {heavy, rPois Str+4}
 54501 | Zig:16   | Learned a level 8 spell: Necromutation
 54503 | Zig:16   | Identified the staff of cold "Usubbilli" {Fragile rC+ rCorr
                  | Dex+4 Stlth+}
 54524 | Zig:17   | Entered Level 17 of a ziggurat
 54524 | Zig:17   | Noticed a dread lich
 54529 | Zig:17   | Reached skill level 5 in Necromancy
 54546 | Zig:17   | Identified the +1 scale mail "Tolek" {rC+ Will++}
 54551 | Zig:17   | Reached skill level 15 in Transmutations
 54554 | Zig:17   | Identified the staff of air "Peisoi Ganuj" {rElec rN+}
 54557 | Zig:17   | Identified the staff of death "Unum" {+Blink rN+ rCorr
                  | Str-4 Dex-2}
 54572 | Zig:17   | Identified the staff of poison "Akhlotoc" {*Corrode rPois
                  | Int+6}
 54696 | Zig:18   | Entered Level 18 of a ziggurat
 54705 | Zig:18   | Noticed Tiyreh the pandemonium lord
 54712 | Zig:18   | Killed Tiyreh the pandemonium lord
 54769 | Zig:18   | Reached skill level 10 in Necromancy
 54770 | Zig:18   | Identified the ring of Fatigue {Fire Stlth+}
 54781 | Zig:18   | Identified the staff of poison "Fuodememp" {+Blink rPois}
 54789 | Zig:18   | Identified the +1 robe of Cowardice {Str+4 Int-4}
 54862 | Zig:19   | Entered Level 19 of a ziggurat
 54896 | Zig:19   | Identified the ring "Kashrouq" {Wiz rElec}
 54908 | Zig:19   | Identified the staff of air "Peafus" {rElec rF+ Dex+2}
 54914 | Zig:19   | Acquired a book of Conjurations
 54922 | Zig:19   | Identified the +7 dire flail of Uqassug {flame, rElec Int+3
                  | SInv}
 54949 | Zig:20   | Entered Level 20 of a ziggurat
 54955 | Zig:20   | Noticed a royal mummy
 54958 | Zig:20   | Noticed a royal mummy
 54959 | Zig:20   | Noticed a royal mummy
 54961 | Zig:20   | Noticed a royal mummy
 54961 | Zig:20   | Noticed a royal mummy
 54963 | Zig:20   | Killed a royal mummy
 54964 | Zig:20   | Noticed a royal mummy
 54964 | Zig:20   | Killed a royal mummy
 54964 | Zig:20   | Killed a royal mummy
 54965 | Zig:20   | Killed a royal mummy
 54965 | Zig:20   | Killed a royal mummy
 54967 | Zig:20   | Killed a royal mummy
 54972 | Zig:20   | Found the +13 scythe of Curses {drain, curses, Drain}
 55148 | Zig:20   | Identified the ring "Harin" {rC+ Will+ Int+2}
 55182 | Zig:21   | Entered Level 21 of a ziggurat
 55196 | Zig:21   | Reached skill level 15 in Fighting
 55228 | Zig:21   | Got Dispater's Papyrus of Companions
 55240 | Zig:21   | Identified the ring of the Everdark {Fly rElec Str+5}
 55245 | Zig:21   | Identified the staff of air "Fenuawot" {rElec Dex+3}
 55246 | Zig:21   | Identified the staff of death "Ereul" {rPois rN+ Dex+3}
 55251 | Zig:21   | Identified the +5 hand axe "Ebbun" {freeze, rPois rN+}
 55298 | Zig:22   | Entered Level 22 of a ziggurat
 55310 | Zig:22   | Noticed a royal mummy
 55310 | Zig:22   | Noticed a royal mummy
 55311 | Zig:22   | Noticed a royal mummy
 55312 | Zig:22   | Killed a royal mummy
 55312 | Zig:22   | Noticed a royal mummy
 55313 | Zig:22   | Noticed a royal mummy
 55313 | Zig:22   | Noticed a royal mummy
 55315 | Zig:22   | Noticed a royal mummy
 55316 | Zig:22   | Reached skill level 15 in Fire Magic
 55316 | Zig:22   | Killed a royal mummy
 55316 | Zig:22   | Killed a royal mummy
 55317 | Zig:22   | Noticed a royal mummy
 55317 | Zig:22   | Killed a royal mummy
 55318 | Zig:22   | Killed a royal mummy
 55318 | Zig:22   | Killed a royal mummy
 55319 | Zig:22   | Killed a royal mummy
 55323 | Zig:22   | Killed a royal mummy
 55391 | Zig:22   | Identified the ring of the Jester {rElec Will- Str+3 Dex+6
                  | Stlth+}
 55398 | Zig:22   | Acquired the Thoughts on Percussion and the Gestalt
 55400 | Zig:22   | Identified the staff of fire "Juyst" {Fly rElec rF+ Str-2
                  | SInv}
 55404 | Zig:22   | Acquired the +0 pair of boots of Pan-Flutes {rC+ Regen+}
 55418 | Zig:22   | Identified the ring "Fumny" {rPois Int+3 Dex+2}
 55425 | Zig:22   | Identified the +8 morningstar "Egg" {spect, rElec Dex+3}
 55474 | Zig:23   | Entered Level 23 of a ziggurat
 55489 | Zig:23   | Reached skill level 15 in Conjurations
 55517 | Zig:23   | Got the Handbook of Mutable Ozone
 55531 | Zig:23   | Identified the staff of cold "Peupurr" {rPois rC+ Str+5
                  | SInv}
 55539 | Zig:23   | Identified the +2 troll leather armour "Upai" {Fly Regen+
                  | Int+3}
 55541 | Zig:23   | Identified the amulet "Keref" {Faith rF++ Str-3}
 55586 | Zig:24   | Entered Level 24 of a ziggurat
 55594 | Zig:24   | Paralysed by an air elemental for 1 turns
 55596 | Zig:24   | Paralysed by an air elemental for 1 turns
 55617 | Zig:24   | Found the +9 scales of the Dragon King {rPois rF+ rC+
                  | Will+}
 55617 | Zig:24   | Found the +10 Black Knight's barding {ponderous, rPois rN+}
 55646 | Zig:24   | Identified the staff of cold "Kooh" {*Slow rC+ Dex+5}
 55647 | Zig:24   | Identified the +10 arbalest "Dragonslayer" {flame, rCorr
                  | Str-5 Int+6}
 55657 | Zig:24   | Identified the +7 longbow of Viadan {heavy, Will+}
 55661 | Zig:24   | Identified the ring "Cyggeolol" {Ice *Slow Str+4 Int+2}
 55684 | Zig:24   | Learned a level 9 spell: Fire Storm
 55691 | Zig:24   | Identified the +1 ring mail of Goullop {rElec rN++ Int+4}
 55754 | Zig:25   | Entered Level 25 of a ziggurat
 55763 | Zig:25   | Noticed a dread lich
 55767 | Zig:25   | Noticed a dread lich
 55770 | Zig:25   | Killed a dread lich
 55773 | Zig:25   | Noticed a dread lich
 55773 | Zig:25   | Noticed an ancient lich
 55773 | Zig:25   | Killed a dread lich
 55779 | Zig:25   | Killed an ancient lich
 55780 | Zig:25   | Found the +3 Mad Mage's Maulers {Infuse+∞ VampMP -Cast}
 55780 | Zig:25   | Killed a dread lich
 55782 | Zig:25   | Found the +6 arbalest "Damnation" {damnation}
 55783 | Zig:25   | Found the brooch of Shielding {Spirit SH+8}
 55789 | Zig:25   | Identified the amulet of Henomm {Contam +Blink Regen+
                  | Str+3}
 55797 | Zig:25   | Got the Omnibus of the Evil Eye
 55799 | Zig:25   | Got Ytus's Tome of Virulent Ensorcelling
 55813 | Zig:25   | Acquired the +1 cloak "Bem Oceph" {rElec rN+ Will+ Slay-4}
 55818 | Zig:25   | Identified the +5 lajatang "Kowucrod" {freeze, Int+3
                  | Stlth+}
 55831 | Zig:25   | Acquired a manual of Earth Magic
 55900 | Zig:26   | Entered Level 26 of a ziggurat
 55923 | Zig:26   | Found the ring of Shadows {Umbra +Inv Stlth+}
 55944 | Zig:26   | Identified the ring "Waodutynn" {rN+ Int+3}
 55946 | Zig:26   | Acquired 932 gold pieces
 55948 | Zig:26   | Acquired a manual of Conjurations
 55965 | Zig:26   | Identified the +5 mace "Asuiz" {heavy, rPois Will- Int+7}
 55976 | Zig:26   | Identified the staff of poison "Veteex" {rPois Dex+3}
 55990 | Zig:26   | Identified the +6 tower shield of Kidioll {rF+ Will+}
 55994 | Zig:27   | Entered Level 27 of a ziggurat
 56002 | Zig:27   | Noticed a juggernaut
 56003 | Zig:27   | Noticed a juggernaut
 56004 | Zig:27   | Noticed a juggernaut
 56004 | Zig:27   | Noticed a juggernaut
 56004 | Zig:27   | Noticed a juggernaut
 56006 | Zig:27   | Killed a juggernaut
 56006 | Zig:27   | Killed a juggernaut
 56007 | Zig:27   | Noticed a juggernaut
 56007 | Zig:27   | Noticed a juggernaut
 56009 | Zig:27   | Killed a juggernaut
 56009 | Zig:27   | Killed a juggernaut
 56009 | Zig:27   | Killed a juggernaut
 56011 | Zig:27   | Killed a juggernaut
 56012 | Zig:27   | Killed a juggernaut
 56024 | Zig:27   | Found the +12 pair of quick blades "Gyre" and "Gimble"
                  | {protect}
 56028 | Zig:27   | Identified the +1 falchion of the Queen {drain, Str+3}
 56095 | Zig:27   | Identified the staff of air "Lutzeos" {rElec rN+ Int+3}
 56134 | Zig:27   | Identified the +1 robe "Noddamy" {*Slow rF++ rC+++ Str-3}
 56165 | Zig:1    | Entered Level 1 of a ziggurat
 56181 | Zig:2    | Entered Level 2 of a ziggurat
 56182 | Zig:2    | Noticed an ancient lich
 56182 | Zig:2    | Noticed a dread lich
 56188 | Zig:2    | Killed an ancient lich
 56189 | Zig:2    | Killed a dread lich
 56199 | Zig:3    | Entered Level 3 of a ziggurat
 56229 | Zig:4    | Entered Level 4 of a ziggurat
 56356 | Zig:5    | Entered Level 5 of a ziggurat
 56394 | Zig:6    | Entered Level 6 of a ziggurat
 56397 | Zig:6    | Noticed a dread lich
 56400 | Zig:6    | Noticed an ancient lich
 56402 | Zig:6    | Killed a dread lich
 56406 | Zig:6    | Killed an ancient lich
 56421 | Zig:6    | Identified the staff of conjuration "Uraphuxo" {rF+}
 56426 | Zig:7    | Entered Level 7 of a ziggurat
 56435 | Zig:7    | Found the macabre finger necklace {Finger+ rN+}
 56446 | Zig:7    | Identified the staff of poison "Folic" {rElec rPois Stlth+}
 56458 | Zig:8    | Entered Level 8 of a ziggurat
 56479 | Zig:8    | Identified the +8 plate armour "Vonacrystro" {rElec rF+}
 56624 | Zig:9    | Entered Level 9 of a ziggurat
 56638 | Zig:9    | Reached skill level 10 in Air Magic
 56696 | Zig:10   | Entered Level 10 of a ziggurat
 56706 | Zig:10   | Noticed Muofiod the pandemonium lord
 56717 | Zig:10   | Killed Muofiod the pandemonium lord
 56739 | Zig:10   | Identified the +8 glaive of Dissatisfaction {spect, rN+
                  | Int+3 Dex+3}
 56772 | Zig:11   | Entered Level 11 of a ziggurat
 56802 | Zig:11   | Identified the ring "Wixkaxki" {Fire Dex+5 SInv Stlth-}
 56804 | Zig:11   | Identified the ring "Akkeynk" {Ice rElec Will+ Int+3}
 56927 | Zig:11   | Identified the staff of fire "Gydam" {rF+ Will+ Dex+3}
 56931 | Zig:11   | Identified the +7 shortbow of Qyik {flame, rPois Stlth+}
 56961 | Zig:12   | Entered Level 12 of a ziggurat
 56976 | Zig:12   | Reached skill level 15 in Earth Magic
 57154 | Zig:13   | Entered Level 13 of a ziggurat
 57171 | Zig:13   | Found the +4 skin of Zhor {*Englaciate rC+++ SInv}
 57203 | Zig:13   | Identified the ring of Qazlal's Displeasure {rPois Str+2
                  | Int+2}
 57207 | Zig:13   | Identified the +7 falchion of Severance {pain, rN+}
 57215 | Zig:13   | Identified the ring "Kyxtuh" {Str+3 SInv}
 57266 | Zig:14   | Entered Level 14 of a ziggurat
 57345 | Zig:14   | Learned a level 9 spell: Shatter
 57389 | Zig:14   | Identified the staff of fire "Zaecsaos" {rElec rPois rF+
                  | Will+}
 57400 | Zig:14   | Identified the +8 quick blade of Collusion {freeze, rC+
                  | Will+ MP-9 Dex+5}
 57401 | Zig:14   | Identified the +7 hand axe of Yvoluatiy {holy, Contam rC+
                  | Str+4 Int+3}
 57439 | Zig:15   | Entered Level 15 of a ziggurat
 57447 | Zig:15   | Noticed an ancient lich
 57448 | Zig:15   | Noticed a royal mummy
 57449 | Zig:15   | Noticed a royal mummy
 57453 | Zig:15   | Killed an ancient lich
 57453 | Zig:15   | Killed a royal mummy
 57453 | Zig:15   | Noticed a royal mummy
 57455 | Zig:15   | Killed a royal mummy
 57455 | Zig:15   | Killed a royal mummy
 57455 | Zig:15   | Noticed a royal mummy
 57457 | Zig:15   | Noticed a royal mummy
 57457 | Zig:15   | Noticed a royal mummy
 57461 | Zig:15   | Killed a royal mummy
 57461 | Zig:15   | Killed a royal mummy
 57465 | Zig:15   | Killed a royal mummy
 57473 | Zig:15   | Identified the +0 fire dragon scales of Limitation {rElec
                  | rF++ rC-}
 57543 | Zig:15   | Identified the +7 ring mail of Terror {Int+3}
 57553 | Zig:15   | Identified the +8 mace of the Slime-mould {distort, Fly
                  | Str+2 Stlth-}
 57567 | Zig:15   | Lost mutation: You are strong-willed. (Will+) [potion of
                  | mutation]
 57567 | Zig:15   | Lost mutation: Your muscles are strong. (Str +4, Int/Dex
                  | -1) [potion of mutation]
 57567 | Zig:15   | Lost mutation: Your magical capacity is low. (-10% MP)
                  | [potion of mutation]
 57567 | Zig:15   | Gained mutation: You occasionally lose the ability to read
                  | scrolls when taking damage. [potion of mutation]
 57567 | Zig:15   | Gained mutation: Your flesh is heat resistant. (rF+)
                  | [potion of mutation]
 57567 | Zig:15   | Gained mutation: You have sharp toenails. [potion of
                  | mutation]
 57568 | Zig:15   | Lost mutation: Your flesh is heat resistant. (rF+) [potion
                  | of mutation]
 57568 | Zig:15   | Lost mutation: You have sharp toenails. [potion of
                  | mutation]
 57568 | Zig:15   | Lost mutation: You occasionally lose the ability to read
                  | scrolls when taking damage. [potion of mutation]
 57568 | Zig:15   | Gained mutation: You are vulnerable to cold. (rC-) [potion
                  | of mutation]
 57568 | Zig:15   | Gained mutation: Your flesh is heat resistant. (rF+)
                  | [potion of mutation]
 57568 | Zig:15   | Gained mutation: You are robust. (+10% HP) [potion of
                  | mutation]
 57583 | Zig:16   | Entered Level 16 of a ziggurat
 57634 | Zig:16   | Identified the +8 hand axe of Calculation {heavy, rPois
                  | Int+2}
 57641 | Zig:16   | Identified the +7 trident of Woseam {freeze, rC+ Will+
                  | Str+3}
 57645 | Zig:16   | Acquired a book of Lightning
 57715 | Zig:17   | Entered Level 17 of a ziggurat
 57752 | Zig:17   | Identified the +10 dagger of Blind Justice {freeze, MP+9}
 57753 | Zig:17   | Identified the +1 glaive "Deocuxke" {flame, rF+ Will+ Str-3
                  | Dex+3}
 57754 | Zig:17   | Identified the ring of the Slug {EV+5 Str+2}
 57766 | Zig:17   | Identified the staff of death "Vixteiq" {rC++ rN+ SInv}
 57810 | Zig:18   | Entered Level 18 of a ziggurat
 57830 | Zig:18   | Reached skill level 10 in Dodging
 57865 | Zig:18   | Identified the +2 pair of boots "Usyafade" {Contam rPois
                  | SInv}
 57871 | Zig:18   | Identified the staff of air "Ylapso" {rElec Int+3}
 57922 | Zig:19   | Entered Level 19 of a ziggurat
 57941 | Zig:19   | Noticed an ancient lich
 57946 | Zig:19   | Killed an ancient lich
 58073 | Zig:19   | Identified the +2 broad axe of Moalul {freeze, Str+4}
 58076 | Zig:19   | Identified the staff of earth "Eqebixeg" {rF+ Will+ rCorr
                  | Int+3}
 58079 | Zig:19   | Identified the staff of poison "Riesoipt" {rPois rCorr
                  | Int+3}
 58082 | Zig:19   | Identified the +1 flail "Ynuim" {flame, rPois}
 58083 | Zig:19   | Identified the staff of cold "Lozusuot" {+Blink rC+}
 58091 | Zig:19   | Identified the +3 ring mail "Rypsoust" {rPois rC- Int+2}
 58163 | Zig:20   | Entered Level 20 of a ziggurat
 58181 | Zig:20   | Noticed a juggernaut
 58186 | Zig:20   | Reached skill level 15 in Dodging
 58186 | Zig:20   | Killed a juggernaut
 58194 | Zig:20   | Found the +4 consecrated labrys {holy, Valiant Fragile Fly
                  | SInv}
 58235 | Zig:20   | Identified the +3 flail of Uskayaw's Favour {freeze, rC+
                  | rCorr Dex+4}
 58258 | Zig:20   | Acquired the +1 pair of gloves of Boredom {Rampage +Inv}
 58340 | Zig:21   | Entered Level 21 of a ziggurat
 58355 | Zig:21   | Reached skill level 5 in Evocations
 58361 | Zig:21   | Reached skill level 10 in Evocations
 58375 | Zig:21   | Found the +8 arc blade {discharge, rElec}
 58574 | Zig:21   | Identified the +0 helmet "Rac Jeq" {Int+3}
 58579 | Zig:22   | Entered Level 22 of a ziggurat
 58597 | Zig:22   | Reached skill level 15 in Evocations
 58660 | Zig:22   | Identified the +3 sling of the Chickpea {freeze, rCorr
                  | Dex+2}
 58679 | Zig:22   | Identified the ring "Vaoleck" {rElec rF+ SInv}
 58684 | Zig:22   | Identified the staff of earth "Sirrosche" {Int+5 SInv}
 58744 | Zig:23   | Entered Level 23 of a ziggurat
 58754 | Zig:23   | Noticed a juggernaut
 58754 | Zig:23   | Noticed a juggernaut
 58755 | Zig:23   | Noticed a juggernaut
 58759 | Zig:23   | Noticed a juggernaut
 58760 | Zig:23   | Noticed a juggernaut
 58761 | Zig:23   | Noticed a juggernaut
 58761 | Zig:23   | Killed a juggernaut
 58761 | Zig:23   | Killed a juggernaut
 58762 | Zig:23   | Killed a juggernaut
 58762 | Zig:23   | Killed a juggernaut
 58763 | Zig:23   | Killed a juggernaut
 58763 | Zig:23   | Noticed a juggernaut
 58765 | Zig:23   | Killed a juggernaut
 58766 | Zig:23   | Reached skill level 10 in Poison Magic
 58769 | Zig:23   | Killed a juggernaut
 58769 | Zig:23   | Noticed a juggernaut
 58775 | Zig:23   | Killed a juggernaut
 58802 | Zig:23   | Identified the +11 falchion of the Solstice {drain, Int+4}
 58812 | Zig:23   | Identified the +3 leather armour "Rakeuzyja" {Will+}
 58824 | Zig:23   | Identified the +1 leather armour "Husumetac" {Regen+ Dex+4}
 58831 | Zig:23   | Identified the staff of air "Eneuciz" {rElec Will++ Str-2
                  | SInv}
 58837 | Zig:23   | Identified the +6 bardiche "Ryacov" {flame, rPois rC- rCorr
                  | Str+2}
 59016 | Zig:24   | Entered Level 24 of a ziggurat
 59035 | Zig:24   | Noticed a dread lich
 59036 | Zig:24   | Noticed an ancient lich
 59036 | Zig:24   | Noticed an ancient lich
 59037 | Zig:24   | Noticed an ancient lich
 59038 | Zig:24   | Killed a dread lich
 59039 | Zig:24   | Noticed an ancient lich
 59039 | Zig:24   | Noticed a dread lich
 59039 | Zig:24   | Noticed a dread lich
 59039 | Zig:24   | Killed an ancient lich
 59041 | Zig:24   | Killed an ancient lich
 59041 | Zig:24   | Killed an ancient lich
 59041 | Zig:24   | Killed an ancient lich
 59042 | Zig:24   | Killed a dread lich
 59042 | Zig:24   | Killed a dread lich
 59044 | Zig:24   | Found the +8 orange crystal plate armour {Archmagi, Int+3
                  | Clar}
 59077 | Zig:24   | Acquired a manual of Fighting
 59087 | Zig:24   | Acquired a manual of Fighting
 59089 | Zig:24   | Acquired a manual of Long Blades
 59204 | Zig:24   | Identified the +6 shortbow "Roafipea" {flame, rPois rF+
                  | Dex+2}
 59207 | Zig:24   | Identified the staff of air "Jetetiu" {rElec Int+2}
 59210 | Zig:24   | Identified the +0 leather armour "Ocaq" {+Inv Str+3 Slay+4}
 59223 | Zig:24   | Identified the +2 ring mail of Siollu {rPois rN++}
 59281 | Zig:25   | Entered Level 25 of a ziggurat
 59411 | Zig:25   | Identified the amulet "Conaf" {Acrobat rC+ Int+2 Stlth+}
 59466 | Zig:26   | Entered Level 26 of a ziggurat
 59495 | Zig:26   | Reached skill level 27 in Poison Magic
 59516 | Zig:26   | Identified the +7 sling of Expedience {speed, rPois rN+
                  | Int+2}
 59726 | Zig:27   | Entered Level 27 of a ziggurat
 59760 | Zig:27   | Found the +11 Singing Sword {sonic wave}
 59785 | Zig:27   | Identified the +12 trident of Cijyisom {drain, Str+3}
 59794 | Zig:27   | Identified the ring "Nuyxtodi" {Drain rC+ rN++ MP+9 Stlth+}
 59804 | Zig:27   | Identified the staff of air "Losto" {rElec rPois Str+5}
 59810 | Zig:27   | Identified the staff of fire "Vyrye" {Contam rF+ Int+5
                  | Stlth+}
 59816 | Zig:27   | Identified the +2 leather armour of Qesu How {rF++}
 60265 | Slime:1  | Entered Level 1 of the Pits of Slime
 60482 | Slime:5  | Entered Level 5 of the Pits of Slime
 60493 | Slime:5  | Noticed the Royal Jelly
 60502 | Slime:5  | Killed the Royal Jelly
 60569 | Slime:5  | Identified the +9 plate armour of Midwinter {Contam rElec
                  | rN+ Regen+ Slay+2}
 60608 | Slime:5  | Got a slimy rune of Zot
 60619 | Slime:5  | Identified the ring of Summer {rN+ Will+ Int+3 Slay+2}
 60631 | Slime:5  | Identified the staff of cold "Qiblis" {Drain rElec rC+
                  | rN+++ Dex-5}
 60634 | Slime:5  | Identified the +9 war axe of Prudence {freeze, rPois Dex+4}
 61205 | Vaults:5 | Entered Level 5 of the Vaults
 61249 | Vaults:5 | Identified the ring "Foafuica" {Fly rPois Will++ Dex-4}
 61276 | Vaults:5 | Found the +2 pair of slick slippers {slick, slippery, EV+4}
 61383 | Vaults:5 | Noticed a dread lich
 61389 | Vaults:5 | Killed a dread lich
 61430 | Vaults:5 | Noticed Saint Roka
 61440 | Vaults:5 | Killed Saint Roka
 61712 | Vaults:5 | Found Muleusi's Magic Scroll Shop.
 61713 | Vaults:5 | Noticed an ancient lich
 61716 | Vaults:5 | Found Sunwig's Distillery.
 61719 | Vaults:5 | Killed an ancient lich
 61754 | Vaults:5 | Bought a potion of brilliance for 76 gold pieces
 61754 | Vaults:5 | Bought a potion of heal wounds for 95 gold pieces
 61754 | Vaults:5 | Bought a potion of heal wounds for 95 gold pieces
 61948 | Vaults:5 | Got a silver rune of Zot
 62307 | Crypt:1  | Entered Level 1 of the Crypt
 62385 | Crypt:1  | Reached skill level 15 in Air Magic
 64102 | Crypt:3  | Entered Level 3 of the Crypt
 64157 | Crypt:3  | Noticed a royal mummy
 64162 | Crypt:3  | Killed a royal mummy
 64282 | Crypt:3  | Identified the +3 spear of Fate {freeze, rElec Int+4 Dex-5
                  | Stlth+}
 64360 | Crypt:3  | Reached skill level 1 in Long Blades
 64493 | Crypt:3  | Found a staircase to the Tomb.
 64673 | Crypt:3  | Found an ancient bone altar of Kikubaaqudgha.
 64676 | Crypt:3  | Found a basalt altar of Yredelemnul.
 64677 | Crypt:3  | Found the +7 captain's cutlass {speed, disarm}
 64708 | Crypt:3  | Found the +6 Majin-Bo {spellvamp, MP+6 Int+6}
 64855 | Tomb:1   | Entered Level 1 of the Tomb of the Ancients
 64865 | Tomb:1   | Noticed a royal mummy
 64868 | Tomb:1   | Killed a royal mummy
 64885 | Tomb:1   | Noticed a royal mummy
 64887 | Tomb:1   | Noticed a royal mummy
 64887 | Tomb:1   | Noticed a royal mummy
 64887 | Tomb:1   | Noticed a royal mummy
 64893 | Tomb:1   | Noticed a royal mummy
 64894 | Tomb:1   | Killed a royal mummy
 64895 | Tomb:1   | Killed a royal mummy
 64895 | Tomb:1   | Killed a royal mummy
 64896 | Tomb:1   | Reached skill level 5 in Long Blades
 64896 | Tomb:1   | Killed a royal mummy
 64896 | Tomb:1   | Killed a royal mummy
 64953 | Tomb:1   | Noticed a royal mummy
 64961 | Tomb:1   | Killed a royal mummy
 65086 | Tomb:1   | Noticed a royal mummy
 65098 | Tomb:1   | Killed a royal mummy
 65353 | Tomb:1   | Noticed a royal mummy
 65354 | Tomb:1   | Noticed a royal mummy
 65355 | Tomb:1   | Noticed a royal mummy
 65355 | Tomb:1   | Noticed a royal mummy
 65356 | Tomb:1   | Killed a royal mummy
 65357 | Tomb:1   | Noticed a royal mummy
 65358 | Tomb:1   | Killed a royal mummy
 65362 | Tomb:1   | Noticed a royal mummy
 65365 | Tomb:1   | Killed a royal mummy
 65365 | Tomb:1   | Killed a royal mummy
 65365 | Tomb:1   | Killed a royal mummy
 65366 | Tomb:1   | Reached skill level 10 in Long Blades
 65368 | Tomb:1   | Killed a royal mummy
 65586 | Tomb:1   | Noticed a royal mummy
 65590 | Tomb:1   | Killed a royal mummy
 65975 | Tomb:2   | Noticed a royal mummy
 65977 | Tomb:2   | Noticed a royal mummy
 65980 | Tomb:2   | Killed a royal mummy
 65983 | Tomb:2   | Killed a royal mummy
 65985 | Tomb:2   | Noticed a royal mummy
 65988 | Tomb:2   | Killed a royal mummy
 65990 | Tomb:2   | Noticed a royal mummy
 65998 | Tomb:2   | Killed a royal mummy
 66287 | Tomb:3   | Entered Level 3 of the Tomb of the Ancients
 66299 | Tomb:3   | Noticed a royal mummy
 66304 | Tomb:3   | Reached skill level 15 in Long Blades
 66304 | Tomb:3   | Noticed a royal mummy
 66306 | Tomb:3   | Noticed a royal mummy
 66307 | Tomb:3   | Killed a royal mummy
 66307 | Tomb:3   | Killed a royal mummy
 66308 | Tomb:3   | Killed a royal mummy
 66309 | Tomb:3   | Killed a royal mummy
 66309 | Tomb:3   | Noticed a royal mummy
 66309 | Tomb:3   | Noticed a royal mummy
 66310 | Tomb:3   | Killed a royal mummy
 66310 | Tomb:3   | Noticed a royal mummy
 66311 | Tomb:3   | Killed a royal mummy
 66311 | Tomb:3   | Killed a royal mummy
 66311 | Tomb:3   | Noticed a royal mummy
 66313 | Tomb:3   | Killed a royal mummy
 66315 | Tomb:3   | Noticed a royal mummy
 66316 | Tomb:3   | Killed a royal mummy
 66444 | Tomb:3   | Identified the ring "Ugietefa" {Fire +Blink Str+4}
 66527 | Tomb:3   | Got a golden rune of Zot
 66602 | Tomb:3   | Found the ring of the Tortoise {AC+8}
 66610 | Tomb:3   | Found the +7 Spriggan's Knife {stab, EV+4 Stlth+}
 66628 | Tomb:3   | Identified the staff of fire "Dorraty" {rElec rF+ Will-
                  | Int+3}
 66629 | Tomb:3   | Identified the +2 battleaxe "Juthrenga" {freeze, +Blink
                  | rCorr Int-2}
 66631 | Tomb:3   | Identified the +1 dire flail of the Crawling Thing {venom,
                  | *Slow SInv Stlth+}
 66633 | Tomb:3   | Identified the ring "Butafay" {Ice Str+3}
 66642 | Tomb:3   | Identified the +7 hand axe "Ralipuw" {chaos, +Blink Dex+4}
 66696 | Tomb:3   | Identified the staff of poison "Vioqoul" {rPois Dex+4}
 66706 | Tomb:3   | Identified the staff of death "Vetexel" {Drain rPois rN+
                  | Int+6 SInv}
 67263 | Depths:3 | Reached skill level 27 in Fighting
 67591 | Depths:3 | You fall into a shaft and drop 1 floor!
 67591 | Depths:4 | Entered Level 4 of the Depths
 67803 | Depths:4 | Found a gate to the Realm of Zot.
 67938 | Depths:4 | Found a magical portal.
 67943 | WizLab   | Entered The Roulette of Golubria
 67943 | WizLab   | Found a transporter.
 67946 | WizLab   | Found a corrupted altar of Lugonu.
 67948 | WizLab   | Found a transporter.
 67950 | WizLab   | Found a transporter.
 67953 | WizLab   | Paralysed by an air elemental for 1 turns
 67959 | WizLab   | Found a transporter.
 67986 | WizLab   | Identified the +1 cloak of Weightlessness {Rampage rElec}
 68110 | WizLab   | Found a transporter.
 68133 | WizLab   | Found a transporter.
 68134 | WizLab   | Found a transporter.
 68228 | WizLab   | Found a corrupted altar of Lugonu.
 68257 | WizLab   | Found a transporter.
 68291 | WizLab   | Found a transporter.
 68342 | WizLab   | Found a transporter.
 68342 | WizLab   | Found a transporter.
 68449 | WizLab   | Found a transporter.
 68702 | WizLab   | Found a transporter.
 68703 | WizLab   | Found a transporter.
 68758 | WizLab   | Found a transporter.
 68759 | WizLab   | Found a transporter.
 68771 | WizLab   | Found a transporter.
 68823 | WizLab   | Found a transporter.
 68877 | WizLab   | Found a transporter.
 68877 | WizLab   | Found a transporter.
 69011 | Depths:4 | Identified the +7 great mace "Foq Veokh" {pain, Fly Dex+2}
 69474 | Depths:3 | Found a one-way gate to the infinite horrors of the Abyss.
 69542 | Depths:3 | Voluntarily entered the Abyss.
 69602 | Abyss:1  | Found a shadowy altar of Dithmenos.
 69797 | Abyss:1  | Found a corrupted altar of Lugonu.
 69800 | Abyss:1  | Found a corrupted altar of Lugonu.
 69965 | Abyss:1  | Found a corrupted altar of Lugonu.
 70061 | Depths:3 | Escaped the Abyss
 70323 | Depths:3 | Found Lirpha's General Store.
 70579 | Depths:3 | Found a hide-covered altar of Uskayaw.
 70824 | Zot:1    | Entered Level 1 of the Realm of Zot
 70829 | Zot:1    | Reached skill level 27 in Spellcasting
 70831 | Zot:1    | Noticed Vv
 70871 | Zot:1    | Killed Vv
 73956 | Zot:5    | Entered Level 5 of the Realm of Zot
 73984 | Zot:5    | Noticed an orb of fire
 73986 | Zot:5    | Noticed an orb of fire
 73986 | Zot:5    | Noticed a dread lich
 73989 | Zot:5    | Noticed an ancient lich
 73990 | Zot:5    | Killed a dread lich
 73991 | Zot:5    | Killed an orb of fire
 73991 | Zot:5    | Killed an ancient lich
 73991 | Zot:5    | Noticed an ancient lich
 73993 | Zot:5    | Killed an ancient lich
 73995 | Zot:5    | Killed an orb of fire
 74003 | Zot:5    | Noticed an orb of fire
 74005 | Zot:5    | Noticed an orb of fire
 74007 | Zot:5    | Got the Orb of Zot
 74007 | Zot:5    | Noticed a dread lich
 74062 | Zot:2    | Noticed Suxomm the pandemonium lord
 74412 | D:9      | Noticed Elemy the pandemonium lord
 74428 | D:9      | Killed Elemy the pandemonium lord
 74665 | D:$      | Escaped with the Orb!

Illustrated notes

Levels and vault maps discovered:
D:1:      psy_arrival_whirlpool, layout_loops_corners, item_on_display_a
D:2:      layout_loops_ring
D:3:      layout_basic, mainiacjoe_overflow_alcove_2, uniq_robin, uniq_sigmund
D:4:      layout_rooms, mainiacjoe_overflow_concentric_impassable,
          xom_redecorated, mainiacjoe_overflow_24_doors,
          grunt_gozag_breadcrumbs, minmay_temple_entry_proselytizer,
          corexii_hall_statues_l, uniq_pargi
D:5:      layout_cave_pools, nicolae_dithmenos_through_a_glass_darkly,
          nicolae_ossuary_entry_ruins, small_statue_alley_b
D:6:      layout_cave_pools, mainiacjoe_overflow_alcove_1, serial_shops,
          nicolae_shop_just_a_little_nook, serial_gnoll_camp,
          gnoll_camp_mini_basic, gnoll_camp_mini_hut, gnoll_camp_huts_moat,
          gnoll_camp_mini_hut
D:7:      layout_basic, mainiacjoe_overflow_surrounded_room,
          lemuel_doored_altar, amethyst_overflow_temple_binary, fountainhead,
          st_stairs_4, lightli_corner_chamber
D:8:      layout_basic, small_statue_intersection, st_stairs_5
D:9:      layout_cave_pools, grunt_qazlal_sundering,
          gammafunk_temple_overflow_elements
D:10:     layout_layer_cave, nicolae_trove_entry_crystal, serial_glass,
          glass_columns_c, glass_columns_b, enter_bailey_2
D:11:     layout_roguey, lair_entry_dummy, gauntlet_entry_generic,
          kennysheep_generic_room_16, uniq_gastronok
D:12:     layout_basic, erik_orc_4, portal_ice_cave_rime
D:13:     layout_loops_corners, eino_house_with_fridge
D:14:     cross_vault, layout_loops_ring, grunt_vaults_entry_fortified,
          nicolae_hexahallways, mikee_hates_you
D:15:     grunt_enter_depths_snipers, layout_cave_pods, special_room
          [special_room_bee], grunt_decor_clamped
Temple:   hellmonk_temple_forest_ring
Lair:1:   gammafunk_boulding_lane, layout_hall_layers, uniq_harold, uniq_sonja
Lair:2:   layout_long_grid, skrybe_swamp_entry_bodies, gammafunk_ghost_hive,
          st_stairs_5
Lair:3:   layout_gridlike, spider_nest_entry_web_field, serial_bayou_shore_b
Lair:4:   beargit_carnivore_pack, layout_cave_pods
Lair:5:   grunt_lair_end_beastmaster, layout_cave_pods,
          dpeg_slime_entry_enclosed, hellmonk_ghost_happy_afterlife,
          infiniplex_staircase_pool, lemuel_fruit_tree, serial_bayou_shore_b
Swamp:1:  layout_falls_marsh, evilmike_swamp_ruin_wall, swamp_pool4
Swamp:2:  layout_basic_swamp, evilmike_swamp_ruin_house_4, swamp_pool1
Swamp:3:  layout_basic_swamp, evilmike_swamp_ruin_house_1, uniq_nikola
Swamp:4:  swamp, layout_basic_swamp, swamp_pool3, nicolae_swamp_drake_lake,
          uniq_louise
Spider:1: layout_cave_pods, gammafunk_ghost_arena, drop_trap,
          spiders_nest_hornet_nest
Spider:2: layout_spider_delve
Spider:3: layout_spider_delve, hangedman_spider_tarantella_strand, uniq_asterion
Spider:4: spider_rune_water, ebering_ghost_reflecting_pool,
          nicolae_spider_nooks_and_crannies
Slime:1:  layout_caves
Slime:2:  layout_caves, nicolae_slime_barrier
Slime:3:  layout_caves
Slime:4:  layout_caves, nicolae_slime_crime_time
Slime:5
Orc:1:    layout_diamond_mine
Orc:2:    st_orc_town, layout_caves, serial_shops,
          nicolae_shop_just_a_little_nook, uniq_azrael
Elf:1:    elf_arrival_002, layout_onion_city, serial_co_window_serial,
          co_window_paths_b, co_window_of_opportunity_a,
          co_window_of_opportunity_a, co_window_corner_a, co_window_paths_a,
          co_window_broadway_a, co_window_corner_b, co_window_of_opportunity_c,
          co_window_paths_e, glass_columns_a, glass_columns_b, glass_columns_a,
          glass_columns_b, glass_columns_a, lemuel_upstairs_altar
Elf:2:    nicolae_elf_blades_crystal_corner, layout_loops_corners,
          guppyfry_elf_altar
Elf:3:    nooodl_elf_gasket, layout_onion_city, serial_shops,
          nicolae_shop_advertising_works [nicolae_subvault_shop_adworks],
          gammafunk_ghost_berserking_beasts
Vaults:1: portal_desolation_entry_ruin, ontoclasm_vaults_claustrophobia,
          v_misc_33, st_lines, ontoclasm_vaults_ring_large,
          nicolae_vaults_angled_halls, v_misc_23,
          vaults_room_grunt_arrival_ludios, layout_vaults_big_room
Vaults:2: v_misc_4, v_misc_28, hangedman_vaults_stretched_pinwheel,
          nicolae_vaults_asterisk, ontoclasm_vaults_idyll, st_spiral_rooms,
          nicolae_vaults_what_the_h, v_misc_27, vaults_mumra_hexcomb,
          vaults_room_pool, hangedman_vaults_stagger, layout_vaults_ring,
          uniq_jory
Vaults:3: minmay_crypt_entry_simple_plaza, v_misc_2, hangedman_vaults_hat,
          nicolae_vaults_network_star, v_pattern_4, vaults_room_pool,
          ontoclasm_vaults_hangar, vaults_mumra_minichess, vaults_room_hallway,
          ontoclasm_vaults_shout, vaults_standard_mumra_enter_the_diamond,
          layout_vaults_big_cross, serial_shops, shop,
          serial_hangedman_research, hangedman_research_pyrotechnics,
          hangedman_research_thanatology, hangedman_research_thermodynamics
Vaults:4: vaults_mumra_chevron, v_misc_19, hangedman_vaults_snaps, v_rooms_6,
          v_misc_19, v_misc_26, nicolae_vaults_little_squares_1, v_misc_33,
          nicolae_vaults_alarming, v_misc_14, serial_ice_g,
          layout_vaults_omnigrid, serial_shops, nicolae_shop_just_a_little_nook
Vaults:5: serial_shops, uniq_saint_roka
Crypt:1:  layout_chaotic_city, grunt_ministairs_3,
          grunt_crypt_arrival_guarded_gate
Crypt:2:  layout_catacombs, fountainhead, st_stairs_8, grunt_megastairs_1,
          lemuel_elevator
Crypt:3:  lightli_unholy_cathedral, layout_chaotic_city,
          nicolae_tomb_entry_unfolded_pyramid_diagonal
Tomb:1
Tomb:2
Tomb:3
Depths:1: layout_forbidden_donut, grunt_mini_vestibule, minmay_misc_feat_x,
          nicolae_water_bricks, grunt_ministairs_7, nicolae_specific_store,
          serial_bayou_pond_c, horrible_house_mu
Depths:2: lemuel_castle_with_subvaults [lemuel_castle_interior_carwin_3],
          layout_cave_pools, enter_ziggurat_d, rand_demon_pan_entry_3,
          hell_entry, minmay_fountain_box, infiniplex_staircase_zigzag_4
Depths:3: nzn_winding_woodlands_stair_trap [nzn_winding_woodlands_5x15_pockets,
          nzn_winding_woodlands_5x15_longhouse,
          nzn_winding_woodlands_5x15_jagged,
          nzn_winding_woodlands_15x15_killbox,
          nzn_winding_woodlands_5x15_concentric,
          nzn_winding_woodlands_5x15_sawtooth,
          nzn_winding_woodlands_5x15_crooked], layout_basic, serial_shops,
          shop_fountains, nicolae_uskayaw_en_pointe, pf_coc_iceberg,
          abyss_entry_crystal
Depths:4: grunt_x_marks_the_spot, layout_cave_pools, mu_enter_wizlab_4,
          hell_entry, hangedman_decor_slide_cut, minmay_microvault,
          infiniplex_staircase_pool_lava
Zot:1:    layout_cellular_growth, uniq_vv
Zot:2:    layout_concentric_octagons
Zot:3:    layout_basic, grunt_megastairs_3
Zot:4:    layout_misc_corridors
Zot:5:    layout_onion

Skill      XL: |  1  2  3  4  5  6  7  8  9 10 11 12 13 14 15 16 17 18 19 20 21 22 23 24 25 26 27 |
---------------+----------------------------------------------------------------------------------+-----
Spellcasting   | 3 4 5 7 9 10 11 12 14 15 16 27 | 27.0
Ice Magic      | 5 6 7 8 9 11 14 17 19 20 22 | 22.7
Fighting       | 1 2 4 5 6 11 12 13 14 27 | 27.0
Summonings     | 1 2 4 5 6 9 11 12 | 12.0
Staves         | 3 6 9 10 12 13 14 | 14.0
Conjurations   | 3 6 7 8 10 12 13 22 | 22.3
Fire Magic     | 5 7 8 9 11 12 13 14 20 | 20.0
Dodging        | 5 6 20 | 20.0
Earth Magic    | 4 7 9 11 21 | 21.5
Air Magic      | 4 5 7 15 | 15.9
Shields        | 1 8 10 11 13 15 25 | 25.1
Transmutations | 3 8 10 11 12 18 | 18.3
Necromancy     | 4 14 | 14.0
Evocations     | 17 | 17.3
Poison Magic   | 27 | 27.0
Long Blades    | 16 | 16.0
Stealth        | |  1.8

Action                     |  1- 3 |  4- 6 |  7- 9 | 10-12 | 13-15 | 16-18 | 19-21 | 22-24 | 25-27 || total
---------------------------+-------+-------+-------+-------+-------+-------+-------+-------+-------++-------
  Melee: Quarterstaff      |    62 |    72 |   197 |       |       |       |       |       |       ||   331
         Unarmed           |     1 |       |       |       |       |       |       |       |       ||     1
         Tailslap          |     5 |    15 |    56 |    54 |   175 |   109 |    55 |     6 |    84 ||   559
         Staff             |       |       |    83 |       |   292 |   337 |   127 |    24 |   217 ||  1080
         Lajatang          |       |       |    13 |   315 |   445 |       |       |       |       ||   773
         Double sword      |       |       |       |       |       |       |       |       |    25 ||    25
   Cast: Freeze            |    13 |       |     2 |     4 |       |       |       |       |       ||    19
         Frozen Ramparts   |     2 |    10 |    48 |    48 |    85 |    35 |       |       |       ||   228
         Ozocubu's Armour  |     1 |     5 |    21 |    33 |    40 |       |       |       |       ||   100
         Summon Ice Beast  |       |       |    21 |    30 |    23 |       |       |       |       ||    74
         Fireball          |       |       |       |     7 |    45 |    21 |    10 |       |       ||    83
         Freezing Cloud    |       |       |       |     4 |    67 |   101 |    63 |     1 |       ||   236
         Iron Shot         |       |       |       |       |    79 |   309 |   375 |   146 |    21 ||   930
         Irradiate         |       |       |       |       |    20 |    95 |    28 |     3 |       ||   146
         Ozocubu's Refrige |       |       |       |       |     1 |       |    75 |    52 |     1 ||   129
         Statue Form       |       |       |       |       |       |    35 |    36 |    17 |     6 ||    94
         Spellforged Servi |       |       |       |       |       |    24 |    72 |    23 |     1 ||   120
         Sublimation of Bl |       |       |       |       |       |       |     4 |       |       ||     4
         Polar Vortex      |       |       |       |       |       |       |       |    21 |   228 ||   249
         Ignition          |       |       |       |       |       |       |       |    12 |   214 ||   226
         Shatter           |       |       |       |       |       |       |       |       |   380 ||   380
         Fire Storm        |       |       |       |       |       |       |       |       |    90 ||    90
         Necromutation     |       |       |       |       |       |       |       |       |    63 ||    63
Ability: Breathe Noxious F |       |       |     5 |    12 |    10 |     2 |       |       |       ||    29
         End Transformatio |       |       |       |       |       |       |       |       |     4 ||     4
         Evoke Invisibilit |       |       |       |       |       |       |       |       |     1 ||     1
  Evoke: Wand              |       |       |     1 |    10 |     1 |    18 |     1 |     1 |     3 ||    35
         Box of beasts     |       |       |       |       |       |     1 |       |       |       ||     1
         Figurine of a zig |       |       |       |       |       |       |       |       |     1 ||     1
    Use: Potion            |     1 |     4 |       |    13 |     2 |     8 |     1 |     4 |    26 ||    59
         Scroll            |       |       |    13 |     4 |    13 |    15 |     1 |     5 |    35 ||    86
   Stab: Sleeping          |     4 |     3 |     4 |     6 |     4 |       |       |       |       ||    21
         Confused          |       |       |     2 |     4 |       |       |       |       |       ||     6
         Distracted        |       |       |     2 |       |       |     1 |     5 |       |       ||     8
         Paralysed         |       |       |       |     2 |       |       |       |       |       ||     2
         Invisible         |       |       |       |       |       |       |       |     6 |       ||     6
 Armour: Skin              |    32 |    29 |   184 |   181 |   127 |   319 |    97 |    46 |   201 ||  1216
  Dodge: Dodged            |    52 |    24 |   255 |   219 |   248 |   212 |   150 |    82 |   345 ||  1587
         Repelled          |       |       |       |     1 |     6 |    12 |     6 |     6 |    48 ||    79
  Block: Other             |       |    12 |    28 |    23 |    74 |       |       |       |       ||   137
         Reflection        |       |     1 |     1 |       |    16 |       |       |       |       ||    18
         Kite shield       |       |       |       |       |   324 |  1140 |   630 |   212 |  1146 ||  3452
Riposte: Lajatang          |       |       |       |    31 |    66 |       |       |       |       ||    97
         Staff             |       |       |       |       |   110 |   119 |    40 |     9 |    56 ||   334

Table legend: (Time is in decaauts)
 A = Elapsed time spent in this place.
 B = Non-inter-level travel time spent in this place.
 C = Inter-level travel time spent in this place.
 D = Time resting spent in this place.
 E = Time spent auto-exploring this place.
 F = Levels seen in this place.
 G = Mean time per level.
                   A        B        C        D        E       F      G
               +--------+--------+--------+--------+--------+-----+--------+
         Total |  77043 |  70592 |   6451 |  18099 |  31153 | 121 |  636.7 |
       Dungeon |  21203 |  18457 |   2746 |   6129 |   8284 |  15 | 1413.5 |
        Temple |      1 |      1 |      0 |      0 |      0 |   1 |    1.0 |
          Lair |   8041 |   7301 |    740 |   2637 |   3395 |   5 | 1608.2 |
         Swamp |   3161 |   2942 |    219 |    558 |   1336 |   4 |  790.2 |
   Spider Nest |   5437 |   4946 |    491 |   1450 |   1883 |   4 | 1359.2 |
    Slime Pits |    558 |    530 |     28 |     14 |     96 |   5 |  111.6 |
  Orcish Mines |   1851 |   1556 |    295 |    313 |    788 |   2 |  925.5 |
   Elven Halls |   3919 |   3435 |    484 |    687 |   1776 |   3 | 1306.3 |
        Vaults |   7914 |   7291 |    623 |   1303 |   3857 |   5 | 1582.8 |
         Crypt |   2642 |   2449 |    193 |    134 |   1782 |   3 |  880.7 |
          Tomb |   2076 |   2030 |     46 |    293 |    992 |   3 |  692.0 |
        Depths |   4677 |   4262 |    415 |    574 |   2250 |   4 | 1169.2 |
           Zot |   3246 |   3078 |    168 |    334 |   2048 |   5 |  649.2 |
         Abyss |    496 |    496 |      0 |     76 |     90 |   1 |  496.0 |
      Ziggurat |   6914 |   6914 |      0 |   1943 |   1241 |  54 |  128.0 |
         Trove |     52 |     52 |      0 |      0 |      0 |   1 |   52.0 |
       Ossuary |    394 |    394 |      0 |    148 |     66 |   1 |  394.0 |
        Bailey |    847 |    847 |      0 |    437 |    135 |   1 |  847.0 |
      Ice Cave |    479 |    479 |      0 |    295 |     11 |   1 |  479.0 |
        Wizlab |    994 |    994 |      0 |    132 |    539 |   1 |  994.0 |
    Desolation |   1370 |   1370 |      0 |    274 |    391 |   1 | 1370.0 |
      Gauntlet |    762 |    762 |      0 |    365 |    190 |   1 |  762.0 |
               +--------+--------+--------+--------+--------+-----+--------+

Top non-repeatable levels by time:
    D:14: 3312 daAuts
    D:15: 2408 daAuts
  Lair:5: 2222 daAuts
Vaults:3: 2080 daAuts
    D:13: 2070 daAuts
Spider:4: 1723 daAuts
   Elf:3: 1711 daAuts
Vaults:1: 1679 daAuts
Depths:2: 1641 daAuts
Vaults:4: 1630 daAuts
  Lair:2: 1597 daAuts
    D:10: 1520 daAuts
Vaults:2: 1489 daAuts
Spider:1: 1476 daAuts
  Lair:1: 1472 daAuts
